Workbook

Sheet Cadenas
A2: Cadena SCOPUS: | B2: ( TITLE-ABS-KEY ( complex* OR "complex thinking" OR "critical thinking" OR "systemic thinking" OR "innovative thinking" OR "scientific thinking" ) AND TITLE-ABS-KEY ( "computational thinking" ) AND TITLE-ABS-KEY ( assess* OR evaluat* ) AND TITLE-ABS-KEY ( "higher education" OR university ) ) AND PUBYEAR > 2013
A3: Cantidad: | B3: 62
A4: Fecha: | B4: 09 de abril de 2025.
A7: Cadena WOS: | B7: (((TS=(Complex* OR "complex thinking" OR “critical thinking” OR “systemic thinking” OR “innovative thinking” OR “scientific thinking”)) AND TS=(computational thinking)) AND TS=(assess* OR evaluat*)) AND TS=("higher education" OR university)
A8: Cantidad: | B8: 346
A9: Fecha: | B9: 09 de abril de 2025

Sheet Arts Scopus Original
A1: # | B1: Database | C1: Authors | D1: Keywords | E1: Title | F1: Year | G1: Source title | H1: Cited by | I1: DOI | J1: Affiliations | K1: Language | L1: Document Type | M1: Country | N1: Abstract
A2: 1 | B2: Scopus | C2: Sari N.A.R.M.; Putri A.P.R.Z.; Chen H.-R.; Wu T.-T. | D2: Collaborative Project-based Learning; Computational Thinking; Design and Implementation; Economics and Business Education; Student Attitudes | E2: Effects of Computational Thinking and Collaborative Project-Based Learning on Student Attitudes Toward Learning: A Design and Implementation Study | F2: 2024 | G2: Lecture Notes in Computer Science (including subseries Lecture Notes in Artificial Intelligence and Lecture Notes in Bioinformatics) | H2: 0 | I2: 10.1007/978-3-031-65881-5_9 | J2: National Yunlin University of Science and Technology, Yunlin, 64002, Taiwan; Faculty of Economics and Business, Universitas Muhammadiyah Semarang, Semarang, 50273, Indonesia; Department of Digital Content and Technology, National Taichung University of Education, Taichung, 403, Taiwan | K2: English | L2: Conference paper | M2: Taiwan | N2: This study examines the impact of integrating computational thinking (CT) into collaborative project-based learning (CPBL) approaches on undergraduate student attitudes toward learning in economics and business disciplines. Forty-seven students from a private university in Indonesia participated in a quasi-experimental design, with 23 students in the control group and 24 in the experimental group. Pretest and posttest scores for the Real-World Connection, Conceptual Connections, Applied Conceptual Understanding, and General Problem-Solving subscales were assessed using a modified Colorado Learning Attitude Science Survey (CLASS). Results indicated significant improvements in posttest scores for all subscales in the experimental group compared to the control group. Specifically, students in the experimental group demonstrated stronger perceptions of the relevance of course materials to real-world contexts, enhanced conceptual understanding, an improved ability to apply conceptual knowledge, and increased problem-solving skills. These findings suggest that integrating CT into CPBL approaches enriches students’ learning experiences and prepares them for the dynamic challenges of the modern workforce. Educators are encouraged to consider the implications of these results and explore innovative pedagogical approaches that promote deeper learning and critical thinking skills among students. © The Author(s), under exclusive license to Springer Nature Switzerland AG 2024.
A3: 2 | B3: Scopus | C3: Kules B. | D3: computational thinking; Critical thinking; curriculum; education; student learning outcomes | E3: Computational thinking is critical thinking: Connecting to university discourse, goals, and learning outcomes | F3: 2016 | G3: Proceedings of the Association for Information Science and Technology | H3: 36 | I3: 10.1002/pra2.2016.14505301092 | J3: College of Information Studies, University of Maryland, College Park, MD, United States | K3: English | L3: Article | M3: United States | N3: Computational thinking complements critical thinking as a way of reasoning to solve problems, make decisions and interact with our world. It draws concepts and techniques such as abstraction, decomposition, algorithmic design, generalization, evaluation and iteration from computer and information science, but has broad application in the arts, sciences, humanities and social sciences. This paper compares computational and critical modes of thinking, identifying concepts and terminology that support cross-disciplinary discourse, inform faculty and curriculum development efforts, and interconnect learning outcomes at the course, program and university level, thus helping programs better articulate contributions to institutional goals. A better understanding of each mode can enrich what we teach aspiring information professionals about computational and critical thinking, how we teach it, and how we apply these skills in our professional work. Copyright © 2016 by Association for Information Science and Technology
A4: 3 | B4: Scopus | C4: Chang S.-C.; Wongwatkit C. | D4: Collaborative learning; Computer programming; Higher order thinking; Peer assessment; Scrum project | E4: Effects of a peer assessment-based scrum project learning system on computer programming’s learning motivation, collaboration, communication, critical thinking, and cognitive load | F4: 2024 | G4: Education and Information Technologies | H4: 7 | I4: 10.1007/s10639-023-12084-x | J4: Department of International Bachelor Program in Informatics and the Department of Information Communication, Yuan Ze University, Taipei, Taiwan; School of Information Technology, Mae Fah Luang University, Chiang Rai, Thailand; Center of Excellence in AI and Emerging Technology, School of Information Technology, Mae Fah Luang University, Chiang Rai, Thailand; Digital Education and Learning Engineering Association of Thailand, Bangkok, Thailand | K4: English | L4: Article | M4: Taipei | N4: As computational thinking becomes increasingly essential, the challenge of designing effective teaching approaches to foster students’ abilities in this area persists, especially for higher order thinking skills. This study addresses this challenge by proposing and implementing a peer assessment-based Scrum project (PA-SP) learning approach in university computer programming learning. The approach involves dividing 98 third-year college students into an experimental group, which employs the PA-SP approach, and a control group, which uses the conventional Scrum project (C-SP) approach. The study investigates the impact of the PA-SP approach on students’ programming projects, learning motivation, project collaboration, communication, critical thinking, and cognitive load. The results demonstrate that the PA-SP approach significantly enhances learning achievement and motivation while also improving collaboration, communication, and critical thinking. By providing practical insights into effective teaching strategies to promote students’ computational thinking, this research has significant implications for improving programming education in universities. © The Author(s), under exclusive licence to Springer Science+Business Media, LLC, part of Springer Nature 2023.
A5: 4 | B5: Scopus | C5: Rasmussen E.L.; Musaeus P. | D5: curriculum change; curriculum development/evaluation; curriculum innovation; curriculum reform; dental education | E5: Subject matter changes in the dental curriculum: A scoping review of the last two decades | F5: 2024 | G5: Journal of Dental Education | H5: 1 | I5: 10.1002/jdd.13530 | J5: Centre for Educational Development, Aarhus University, Aarhus, Denmark | K5: English | L5: Review | M5: Denmark | N5: Purpose: In recent years, dental education has witnessed significant advancements and curriculum shifts in response to evolving healthcare needs, technological advances, and changing societal demands. As a result, dental universities worldwide have undergone substantial curriculum changes to ensure the adequate education and training of future dental professionals. The purpose of this study was to delineate the curriculum innovations over the past 20 years, with a focus on content within the current dental curriculum at universities worldwide. Method: The articles reviewed for this manuscript were published from 2000 to June 2023. Search queries were conducted in four databases: Embase, PubMed, Web of Science, and ERIC, yielding 367 unique studies. Of these, 31 were included in the final synthesis. Results: The nine principal subject matter themes identified in the thematic analysis of these articles were critical scientific thinking, computational thinking, global mindset, geriatric dental care, interprofessional teamwork, transition to practice, local community, integration, and lifelong learning. The themes were modeled and mapped in a three-axis figure, elucidating the interconnections between the themes. Conclusion: The identified themes signify the trajectory that dental education has taken and provide insights into the future course of the dental profession. © 2024 The Authors. Journal of Dental Education published by Wiley Periodicals LLC on behalf of American Dental Education Association.
A6: 5 | B6: Scopus | C6: Sannicandro K.; De Santis A.; Bellini C.; Minerva T. | D6: computational thinking; digital education; educational robotics; inclusive education; robotic healthcare; scoping review; special needs; teaching | E6: A scoping review on the relationship between robotics in educational contexts and e-health | F6: 2022 | G6: Frontiers in Education | H6: 7 | I6: 10.3389/feduc.2022.955572 | J6: Research Center Robotics and E-Health: A Challenge for Education (RECE), University of Modena and Reggio Emilia, Reggio Emilia, Italy | K6: English | L6: Review | M6: Italy | N6: In recent years, due to technological advancement, research has been directed to the development and analysis of resources and tools related to educational robotics with particular attention to the field of special needs and training actions aimed at learners, teachers, professionals, and families. The use of robotics in all levels of education can support the development of logical and computational thinking, interaction, communication, and socialization, and the acquisition of particularly complex work practices, for example, in the medical field. The adoption of successful educational robotics training practices can be a potential tool to support rehabilitation interventions for disabilities and comprehensive training for students or future professionals in healthcare. A scoping review was conducted on the main topics “education” AND “robotics” with three specific focuses on complementary themes in educational research about ER: (1) teaching and computational thinking, (2) training in the health sector, and (3) education and special needs. The authors systematically searched two online databases, Scopus and Web of Science, up to April 2022. A total of 164 articles were evaluated, and 59 articles were analyzed, in a particular way N = 33 related to computational thinking, N = 15 related to e-health, and N = 11 related to special needs. The following four questions guided our research: (1) What are the educational and experimental experiences conducted through robotics in transdisciplinary fields? (2) What tools and resources are most used in such experiments (educational robotics kit, humanoid robots, telepresence robots etc.)? (3) What are the constitutive elements of the experiments and studies involving robotics and health in educational contexts? and (4) What are those explicitly related to students with special needs? In this study, part of the research project “Robotics and E-health: new Challenges for Education” (RECE) activated at the University of Modena and Reggio Emilia. RECE aims to investigate the training, educational, cognitive, and legal processes induced by the increasing diffusion of educational robotics and telemedicine in clinical and surgical contexts. Copyright © 2022 Sannicandro, De Santis, Bellini and Minerva.
A7: 6 | B7: Scopus | C7: Sobreira P.D.L.; Abijaude J.W.; Viana H.D.G.; Santiago L.M.S.; Guemhioui K.E.; Wahab O.A.; Greve F. | D7: Cognitive Walkthrough; Computational Thinking; Engineering Education; Evaluation; Internet of Things; IoT; Learning; Scratch; Usability | E7: Usability evaluation of block programming tools in IoT contexts for initial engineering courses | F7: 2020 | G7: EDUNINE 2020 - 4th IEEE World Engineering Education Conference: The Challenges of Education in Engineering, Computing and Technology without Exclusions: Innovation in the Era of the Industrial Revolution 4.0, Proceedings | H7: 7 | I7: 10.1109/EDUNINE48860.2020.9149481 | J7: University of Québec at Outaouais, Gatineau, Canada; Santa Cruz State University, Ilhéus, Brazil; Federal University of Bahia, Salvador, Brazil | K7: English | L7: Conference paper | M7: Canada | N7: Scratch has been shown as one of the main tools for teaching Computational Thinking through the concept of(block-based) programming. In the present research, two platforms based on/inspired by Scratch were considered for the analysis of their usability characteristics through the Cognitive Walkthrough method, for later use by engineering students at the beginning of their university courses for the development of their competences of logical thinking and abstraction of complex concepts: Snap4Arduino (used in the development of solutions for Internet of Things), and; App Inventor (used in the development of Android applications). The results show a positive evaluation of these tools, generating motivation for their use by new engineering students in their teaching-learning processes. © 2020 IEEE.
A8: 7 | B8: Scopus | C8: Zhang J.-H.; Meng B.; Zou L.-C.; Zhu Y.; Hwang G.-J. | D8: Computational thinking; flowchart; programming self-efficacy; progressive teaching; scaffolding theory | E8: Progressive flowchart development scaffolding to improve university students’ computational thinking and programming self-efficacy | F8: 2023 | G8: Interactive Learning Environments | H8: 37 | I8: 10.1080/10494820.2021.1943687 | J8: Department of Educational Technology, Zhejiang Normal University, Jinhua, China; Yanwu Primary School affiliated to Xiamen University, Xiamen, China; Graduate Institute of Digital Learning and Education, National Taiwan University of Science and Technology, Taipei, Taiwan | K8: English | L8: Article | M8: China | N8: As one of the core skills of the 21st century, computational thinking has received increasing attention from educators and researchers. Although some research has been conducted on computational thinking, few studies examined the impact of learning activities on students’ computation thinking skills from the perspective of cognitive development. Based on the theory of scaffolding instruction, a progressive thinking training approach with flowcharts was proposed to cultivate students’ computational thinking skills. A quasi-experiment was designed to evaluate the effectiveness of the training. Forty-nine Chinese tertiary students undertaking a programming course were randomly assigned into two groups–the experimental and control groups. During the course, the experimental group received progressive training, and the control group received non-progressive training. The results showed that the experimental group gained a significantly higher level of academic achievement than the control group. Meanwhile, the experimental group showed a remarkable improvement in programming self-efficacy. Furthermore, the participants in the experimental group showed a higher level of computational thinking skills, including cooperative learning, critical thinking, and problem solving skills. In summary, the progressive thinking training approach with flowcharts could not only improve the participants’ computational thinking skills and programming self-efficacy, but also help them to achieve better academic outcomes. © 2021 Informa UK Limited, trading as Taylor & Francis Group.
A9: 8 | B9: Scopus | C9: Lai C.-F.; Zhong H.-X.; Chang J.-H.; Chiu P.-S. | D9: (DT) design thinking; CDIO engineering design; Computational thinking (CT) ability; Flipped learning; Learning achievement | E9: Applying the DT-CDIO engineering design model in a flipped learning programming course | F9: 2022 | G9: Educational Technology Research and Development | H9: 6 | I9: 10.1007/s11423-022-10086-z | J9: Department of Engineering Science, National Cheng Kung University, 1, University Rd., Tainan, 701, Taiwan; Computer and Network Center, Department of Computer Science and Information Engineering Department of Computer Science, National Cheng Kung University, 1, University Rd., Tainan, 701, Taiwan; Department of E-Learning Design and Management, National Chiayi University, No.85 Wenlong, Minxiong Township,Chiayi County, 621, Taiwan | K9: English | L9: Article | M9: Taiwan | N9: A web design course has complex and diverse skills, which may attract students with an interest in technology and art fields to learn to program. It makes a need to have a flexible learning framework to develop all students to learn in a programming course. This study was designed to develop students’ learning achievement and computational thinking (CT) abilities by using a Design Thinking (DT)—Conceive-Design-Implement-Operate (CDIO) engineering design framework in a flipped web programming course. The participants were 41 students (males = 17, females = 24) coming from a Taiwan University. All of the students (20–21 years old) had e-learning-related backgrounds in a teacher’s college. The experiment was conducted for 14 weeks. The flipped learning and flipped DT-CDIO course each had a total teaching time of 6 weeks, and the midterm exam and final exam each took one week. We used a questionnaire and formative assessment to examine the students’ computational thinking ability and learning achievement before and after the course was applied. The results showed the students significantly improved their learning achievement and computational thinking ability. There were no significant gender differences in learning achievement. Some gender differences could be seen in some dimensions of CT ability. This study shows that the DT-CDIO framework brings many benefits to promote interdisciplinary learning by attracting STEAM talent and providing evidence to support the importance of flipped web programming courses. © 2022, Association for Educational Communications and Technology.
A10: 9 | B10: Scopus | C10: Wardani W.; Rosidin U.; Yulianti D. | D10: 7C skills; engagement theory; global competence; measurement tool; multicultural learning | E10: The 7C Skills Framework: A Measurement Tool to Enhance Global Competence in Multicultural Learning Based on Engagement Theory | F10: 2025 | G10: International Journal of Learning, Teaching and Educational Research | H10: 1 | I10: 10.26803/ijlter.24.2.1 | J10: Department of Education, Faculty of Teacher Training and Education, Lampung University, Bandar Lampung, Indonesia | K10: English | L10: Article | M10: Indonesia | N10: The need to understand global competence in higher education in Indonesia currently relies on the 7C skills measuring instrument, which originates from Western cultural contexts and may lead to potential biases. This study aims to develop a 7C skills measuring instrument grounded in engagement theory through theoretical studies, expert validation, empirical testing, and construct validity. Adopting an exploratory sequential mixed-methods design, the research was conducted in two phases: the qualitative phase followed by the quantitative phase. The qualitative phase aimed to conceptualize the development of the 7C skills measuring instrument based on engagement theory through theoretical studies and expert evaluations. The findings from the qualitative phase revealed that the 7C skills framework consists of seven dimensions: critical thinking, collaboration, communication, creativity, connectivity, computational thinking, and cross-cultural understanding. The instrument was tested on 385 university students in Indonesia and analyzed for feasibility, factor structure, and construct validity. As a result, the instrument was reduced to 61 items, as certain items did not meet eligibility criteria. These findings demonstrate that the 7C skills measuring instrument, grounded in engagement theory, is valid and applicable for university students in Indonesia. Additionally, this study contributes to both the refinement of engagement theory as the foundation for constructing the 7C skills framework and the advancement of engagement theory by integrating perspectives from motivational theory and environmental fit. The practical implications include the development of a more precise and applicable 7C skills measurement tool for various educational contexts, fostering the enhancement of 21st-century skills. © 2025 Society for Research and Knowledge Management. All rights reserved.
A11: 10 | B11: Scopus | C11: Izquierdo-Álvarez V.; Pinto-Llorente A.M. | D11: algorithmic thinking; computational thinking; digital competence; education for sustainable development; higher education; pre-service teachers; programming; quality education; STEM; teacher training | E11: Exploring Pre-Service Teachers’ Perceptions of the Educational Value and Benefits of Computational Thinking and Programming | F11: 2025 | G11: Sustainability (Switzerland) | H11: 0 | I11: 10.3390/su17052164 | J11: Research GRoup in InterAction and eLearning (GRIAL), Research Institute for Educational Sciences (IUCE), University of Salamanca, Salamanca, 37008, Spain | K11: English | L11: Article | M11: Spain | N11: Computational Thinking (CT) and programming encompass a range of skills that are essential in everyday life and play a crucial role in addressing social and environmental challenges. They facilitate the analysis and understanding of global issues, the evaluation of viable solutions, and the formulation of strategic decisions that contribute to Education for Sustainable Development and the achievement of the Sustainable Development Goals. The primary objective of this study was to examine pre-service teachers’ perceptions of these areas. A quantitative study was conducted with 134 university students from the Faculty of Education and Tourism at the University of Salamanca. The findings indicate that CT and programming significantly contribute to enhancing digital competence, fostering essential skills for the effective use of technological tools, developing problem-solving strategies, and increasing self-confidence in identifying and refining solutions to complex problems. Regarding gender differences, significant differences were observed, with women scoring higher on average in various aspects. These included the ability to actively seek, compare, and select digital information from diverse sources and contexts, assess the potential risks associated with digital tools—such as security and identity concerns—and demonstrate confidence in accessing the necessary resources and training to integrate CT and programming into education. © 2025 by the authors.
A12: 11 | B12: Scopus | C12: Shin Y.; Jung J.; Choi S.; Jung B. | D12: Cognitive load; Collaborative programming; Computational thinking; Higher education; Problem-solving | E12: The influence of scaffolding for computational thinking on cognitive load and problem-solving skills in collaborative programming | F12: 2025 | G12: Education and Information Technologies | H12: 1 | I12: 10.1007/s10639-024-13104-0 | J12: College of Education, Hanyang University, Wangsimni-Ro, Seongdong-Gu, Seoul, 222, South Korea; Korean Educational Development Institute (KEDI), 7 Gyohak-Ro, Deoksan-Eup, Chungcheongbuk-Do, Jincheon-Gun, South Korea; Korea National University of Education, 250 Taeseongtabyeon-ro, Gangnae-myeon, Heungdeok-gu, Chungbuk, Cheongju-si, 28173, South Korea | K12: English | L12: Article | M12: South Korea | N12: This study investigates the effects of metacognitive and cognitive strategies for computational thinking (CT) on managing cognitive load and enhancing problem-solving skills in collaborative programming. Four different scaffolding conditions were provided to help learners optimize cognitive load and improve their problem-solving abilities. A total of 110 participants were randomly assigned to one of the four groups. The four-week experiment included scaffolding, with two hours of Python programming each week to solve two real-world problems. Upon completing the learning process, participants’ cognitive load and problem-solving skills were assessed. The results provide empirical evidence that using faded worked examples (WOE) combined with metacognitive scaffolding for CT effectively optimizes cognitive load and enhances problem-solving skills in collaborative programming, leading to improved efficiency and complexity in their solutions. © The Author(s), under exclusive licence to Springer Science+Business Media, LLC, part of Springer Nature 2024.
A13: 12 | B13: Scopus | C13: Fang X. | D13: Financial and economic universities; Python programming language; Teaching models; The new business | E13: The teaching innovation and research of python programming in financial and economic universities | F13: 2020 | G13: 15th International Conference on Computer Science and Education, ICCSE 2020 | H13: 0 | I13: 10.1109/ICCSE49874.2020.9201735 | J13: Shandong Technology and Business University, School of Computer Science and Technology, Yantai, 264005, China | K13: English | L13: Conference paper | M13: China | N13: For the teaching status of Python Programming course in financial and economic colleges and universities, this paper analyzes the common shortcomings and proposes the reconstruction of the program design course from four aspects: teaching objectives, course contents, teaching methods and assessment methods. That is, under the teaching objectives and principles based on market demand, the teaching contents should be integrated, the practice teaching should be strengthened, multi-dimensional hybrid teaching methods and procedural assessment should be used for the purpose of stimulating students' interests, keeping high motivation. Finally, it can mobilize students' enthusiasm for independent learning, and cultivating their ability to solve complex professional problems with computational thinking. © 2020 IEEE.
A14: 13 | B14: Scopus | C14: Volcz I. | D14: Computational thinking; Digital Literacies; Project-based learning | E14: The use of computational thinking to advance learning in the pre-university subject of digital literacies | F14: 2018 | G14: Proceedings of International Conference on Computational Thinking Education | H14: 1 | J14: University of Technology, Insearch, Sydney, Australia | K14: English | L14: Conference paper | M14: Australia | N14: This paper describes how elements of computational thinking are employed to advance student learning and engagement in the Digital Literacies subject of the Foundations Studies of the University of Technology, Sydney. This study does not focus on enhancing technical coding skills, rather it takes the conceptual view on computational thinking and investigates how aspects of it can be used to further students’ academic skills and develop their abilities to solve complex problems in collaboration and with the use of technology. This paper will also reveal 115 students’ responses of the use of computational thinking elements in project-based assessment. © 2018, The Education University of Hong Kong. All rights reserved.
A15: 14 | B15: Scopus | C15: Van Dyne M.; Braun J. | D15: Analytical skills; Computational thinking; Course effectiveness; Critical thinking; CS0; Problem solving | E15: Effectiveness of a Computational Thinking (CS0) course on student analytical skills | F15: 2014 | G15: SIGCSE 2014 - Proceedings of the 45th ACM Technical Symposium on Computer Science Education | H15: 20 | I15: 10.1145/2538862.2538956 | J15: Montana Tech, University of Montana, Butte, MT 59701, 1300 W. Park St., United States | K15: English | L15: Conference paper | M15: United States | N15: In this paper, we describe the content and evaluation of a Computational Thinking (CS0) course developed to improve the analytical problem solving of students participating in the course. The course is targeted to students who are mathematically underprepared to enter our introductory programming sequence; however, it has recently been included in the University's general education curriculum so that students majoring in any discipline may take the course. Using the Whimbey Analytical Skills Inventory (WASI) students in the CS0 class, along with students in an analogous level engineering class (FESP), were tested at the beginning of the course and again at the end, using different versions of the test. The improvement in scores was statistically significant when measured by both the student t-test and the Cohen d (effect size) for CS0 students but not for the FESP students, providing support that the course does, in fact, increase student analytical problem solving skills. Courses in Computational Thinking have demonstrated success in many schools; however, this research demonstrates its effectiveness in improving analytical skills in majors as well as non-majors.
A16: 15 | B16: Scopus | C16: Zhong H.-X.; Chang J.-H.; Lai C.-F.; Chen P.-W.; Ku S.-H.; Chen S.-Y. | D16: Artificial intelligence learning platform; Computational thinking; Partial least squares; Research model; STEM education | E16: Information undergraduate and non-information undergraduate on an artificial intelligence learning platform: an artificial intelligence assessment model using PLS-SEM analysis | F16: 2024 | G16: Education and Information Technologies | H16: 5 | I16: 10.1007/s10639-023-11961-9 | J16: Department of Engineering Science, National Cheng Kung University 1, University Rd., Tainan, 701, Taiwan; Computer and Network Center, and Department of Computer Science and Information Engineering, National Cheng Kung University, Tainan, Taiwan; Department of Computer Science and Information Engineering, National Cheng Kung University 1, University Rd., Tainan, 701, Taiwan; Department of Computer Science and Engineering, National Taiwan Ocean University, Keelung, Taiwan | K16: English | L16: Article | M16: Taiwan | N16: Artificial intelligence (AI) education is becoming an advanced learning trend in programming education. However, AI subjects can be difficult to understand because they require high programming skills and complex knowledge. This makes it challenging to determine how different departments of students are affected by them. This study draws on research in programming education and STEM education to explore the different factors that affect students in AI learning. Therefore, the purpose of this study is to investigate the impact of AI learning platforms on information undergraduate and non-information undergraduate by using a research model. The course was implemented for 65 students in the information undergraduate group and 39 students in the non-information undergraduate group. The findings showed that the two groups had different learning effects under different variables. Students with different cognitive styles may use different skills to positively influence self-regulated learning. This study provides important evidence to understand the learning impact of artificial intelligence among university students from different disciplines. © The Author(s), under exclusive licence to Springer Science+Business Media, LLC, part of Springer Nature 2023.
A17: 16 | B17: Scopus | C17: Maesschalck S. | D17: computer science education; critical thinking; curriculum development; higher education; professional skills | E17: Critical Thinking: the code to crack Computer Science Education | F17: 2024 | G17: Journal of Information Technology Education: Innovations in Practice | H17: 0 | I17: 10.28945/5387 | J17: Nexova Group, Redu, Belgium; Lancaster University, Lancaster, United Kingdom | K17: English | L17: Article | M17: United Kingdom | N17: Aim/Purpose This paper explores the potential value of critical thinking in computer science education and discusses strategies for its integration across the curriculum. Background As technology rapidly evolves and becomes increasingly integrated into society, there is a growing need for computer science graduates who can think critically about the ethical, societal, and technical implications of their work. Methodology This study employs a conceptual analysis approach, reviewing existing literature on critical thinking in computer science education and synthesising insights from various sources. The analysis focuses on identifying challenges in imple-menting critical thinking instruction and proposing practical solutions. Contribution This paper provides an overview of the current discourse on integrating critical thinking into computer science curricula. It explores the distinction between critical thinking and computational thinking, discusses various pedagogical ap-proaches, and offers insights into potential challenges of implementation. Findings The paper identifies six key challenges in embedding critical thinking into com-puter science education. It proposes initial steps to address these challenges, in-cluding curriculum redesign, innovative assessment methods, and faculty devel-opment strategies. Recommendations for Practitioners Educators should adopt a balanced approach that complements technical edu-cation with critical thinking exercises, using diverse teaching methods such as dialogue-based teaching and authentic instruction. Recommendations for Researchers Future research should focus on empirical studies to assess the effectiveness of the proposed solutions and develop standardised tools for evaluating critical thinking skills in computer science. Impact on Society By enhancing critical thinking skills in computer science education, we can pro-duce graduates who are better equipped to address complex technological chal-lenges and their societal implications. Future Research Further investigation is needed into the most effective pedagogical approaches for teaching critical thinking in computer science, with a focus on multidiscipli-nary perspectives. © (2024), (Informing Science Institute). All rights reserved.
A18: 17 | B18: Scopus | C18: Romero M.; Lepage A.; Lille B. | D18: Assessment; Computational thinking; Creativity; Problem-solving | E18: Computational thinking development through creative programming in higher education | F18: 2017 | G18: International Journal of Educational Technology in Higher Education | H18: 164 | I18: 10.1186/s41239-017-0080-z | J18: Laboratoire d’Innovation et Numérique pour l’Education, Université Nice Sophia Antipolis, Nice, France; Université Laval, Québec, Canada | K18: English | L18: Article | M18: France | N18: Creative and problem-solving competencies are part of the so-called twenty-first century skills. The creative use of digital technologies to solve problems is also related to computational thinking as a set of cognitive and metacognitive strategies in which the learner is engaged in an active design and creation process and mobilized computational concepts and methods. At different educational levels, computational thinking can be developed and assessed through solving ill-defined problems. This paper introduces computational thinking in the context of Higher Education creative programming activities. In this study, we engage undergraduate students in a creative programming activity using Scratch. Then, we analyze the computational thinking scores of an automatic analysis tool and the human assessment of the creative programming projects. Results suggested the need for a human assessment of creative programming while pointing the limits of an automated analytical tool, which does not reflect the creative diversity of the Scratch projects and overrates algorithmic complexity. © 2017, The Author(s).
A19: 18 | B19: Scopus | C19: Prompolmaueng W.; Wetmaha A.; Jamsri P. | D19: Computational Thinking; Game Development; Game-based Learning; Mixed Reality Technology | E19: A Game Development to Promote Computational Thinking | F19: 2021 | G19: 2021 13th International Conference on Information Technology and Electrical Engineering, ICITEE 2021 | H19: 6 | I19: 10.1109/ICITEE53064.2021.9611850 | J19: King Mongkut's Institute of Technology Ladkrabang, Faculty of Information Technology, Bangkok, 10520, Thailand | K19: English | L19: Conference paper | M19: Thailand | N19: This paper focuses on game development using Mixed Reality technology, the Magic Leap One device, by exploring with The Lab and Unreal Engine program that are developed in game interpolating Computational Thinking (CT). The research device focuses on integrating thinking skills into 3D games with real-time user interaction. From mixed reality (MR) the application of technology is evaluated in its use for learning effectiveness. The game aims to promote a computational thinking process based on the terms and conditions within 5 levels as well as the complexity of the game with more obstacles in each level as the character travels from beginning to destination. Commands provide for different contexts. Major goal is using mixed reality technology to advance convergence in computing education and training in computational thinking (CT) to help players strengthen their thinking process and CT through the game. This game can be an alternative learning medium for the educator in primary school (Grade 4-6). The assessment of target users 10-15 persons before and after the game tests have 3 aspects in technology, CT, and usability of game performance. An expert evaluation was conducted after the test. Assessment of the overall game focuses on building of CT skill within the game relative to project objectives. Evaluation results were 77.8% by users and 88.6% by the expert. Furthermore, some useful suggestions from assessment suggest adding workshop guidelines for educators or trainers. Thus, this project contributes to the computing education community by using available cutting-edge technology as an optional teaching tool in CT that suits learners in education at the primary level and looks toward future development for higher education. © 2021 IEEE.
A20: 19 | B20: Scopus | C20: Kui X.; Liu W.; Guo K.; Xia J.; Du H. | D20: Computational thinking; Higher education; Minimum knowledge sets; Python language | E20: Teaching method reform of python language programming course based on minimum knowledge sets | F20: 2018 | G20: Mechatronic Systems and Control | H20: 4 | I20: 10.2316/Journal.201.2018.4.201-2956 | J20: School of Information Science and Engineering, Central SouthUniversity, China; School of Geosciences and Info-Physics, Central South University, China | K20: English | L20: Article | M20: China | N20: Reform of teaching content, teaching methods, and evaluation of examination system is an urgent issue of current teaching reform in higher education. Python language is released under the background of calculating ecology, which is concise, clear, elegant, and easy to learn. There are more than thousands of third-party programming libraries. Rich resources of an open community also incur new problem, much information will consume large amounts of attention. How to make students absorb more knowledge and master more skills in the limited class time? Also, it is important for teachers to think about how to improve the efficiency of information cognition. The paper puts forward a teaching method of Python language based on minimum knowledge sets, combining with the characteristics of different major students; the method can not only help students understand the ideas and methods of solving practical problems with the concept of calculation ecology but also raise good computational thinking, innovative thinking, and programming ability, and then effectively improve the quality of teaching and promote the development of higher education. © 2018 Acta Press. All rights reserved.
A21: 20 | B21: Scopus | C21: Wang H.-H.; Wang C.-H.A. | D21: Computational thinking; Industrial design; Learning motivation; Machine learning; Student self-assessment; Teaching technology | E21: Teaching design students machine learning to enhance motivation for learning computational thinking skills | F21: 2024 | G21: Acta Psychologica | H21: 0 | I21: 10.1016/j.actpsy.2024.104619 | J21: Department of Industrial Design, National Taipei University of Technology, 1, Sec. 3, Zhongxiao E. Rd., Taipei, 10608, Taiwan; Department of Computational Media, University of California, Santa Cruz, 1156 High Street, Santa Cruz, 95064, CA, United States | K21: English | L21: Article | M21: Taiwan | N21: The integration of computational thinking (CT) to enhance creativity in design students has often been underexplored in design education. While design thinking has traditionally been the cornerstone of university design pedagogy and remains essential, the increasing role of digital tools and artificial intelligence in modern design practices presents new opportunities for innovation. By introducing CT alongside design thinking, students can expand their creative toolkit and engage with emerging technologies more effectively. Although many design students may have limited experience with programming, incorporating accessible, no-code tools can help them confidently embrace computational methods, unlocking new pathways for creative exploration and innovation. This study proposes an alternative approach to improve the motivation of design students by introducing machine learning tools into product design processes. We developed an experimental pedagogy in which 56 industrial design university students learned how to use Waikato Environment for Knowledge Analysis (Weka), a machine learning tool, for three hours of design work a week, for a total of eight weeks. Our covariate analysis of data collected in the pretest and posttest shows that the general learning motivations in the group using Weka are significantly higher than those in the group without Weka. However, no significant differences were found between the two groups in terms of learning strategies, collaboration, or critical thinking. Students using Weka spent more time focusing on model training and tended to improve their algorithmic thinking, and the introduction of Weka appeared to enhance their motivation to learn. On the other hand, these students might have been focusing on working individually at their computers, potentially neglecting communication and collaboration. The findings suggest that teaching machine learning applications without requiring coding has the potential to boost design students' motivation to engage with CT skills, though care must be taken to maintain collaborative practices. © 2024
A22: 21 | B22: Scopus | C22: Sukkamart A.; Sermsri N.; Kantathanawat T.; Nakwijit R.; Meekhobtong S. | D22: Collaborative learning Management; Complex problem-solving skills; computational thinking; Thailand; visualization | E22: Computer Education Student Teacher Complex Problem-Solving Skills Development using Computational Thinking and Visualization Tools | F22: 2024 | G22: Pakistan Journal of Life and Social Sciences | H22: 0 | I22: 10.57239/PJLSS-2024-22.2.00364 | J22: School of Industrial Education and Technology, The King Mongkut’s Institute of Technology Ladkrabang (KMITL), Bangkok, Thailand | K22: English | L22: Article | M22: Thailand | N22: This research explores the impact of a Collaborative Learning Management Model (CLMM) integrating Computational Thinking (CT) and Visualization Tools (VT) on the development of Complex Problem-Solving Skills (CPSS) in first-year computer education student teachers in Thailand. The study, conducted with 15 student-teachers from Dhonburi Rajabhat University, involved a six-module CPSS learning intervention. Notably, Unit 2’s Alternative Flowchart Writing (AFW) and Unit 4’s Sequential Python Writing (SPW) excelled, while Units 1 and 3 showed initial shortcomings. The overall evaluation, however, revealed that CLMM yielded a final mean of 90.40 and SD of 5.59, emphasizing its effectiveness in enhancing student-teacher CPSS. The research advocates for educators to prioritize advanced tools, including emerging Artificial Intelligence (AI) visualization tools, to further elevate CPSS education, preparing a new generation of educators for the challenges of educating digitally enabled knowledge workers. © (2024), (Elite Scientific Publications). All rights reserved.
A23: 22 | B23: Scopus | C23: Díaz J.; López J.A.; Sepúlveda S.; Villegas G.M.R.; Ahumada D.; Moreira F. | D23: Human-Computer Interaction; Usability; Video-games; Training; Computer Programming | E23: Evaluating aspects of usability in video game-based programming learning platforms | F23: 2021 | G23: Procedia Computer Science | H23: 16 | I23: 10.1016/j.procs.2021.01.141 | J23: Universidad de La Frontera, Depto. Cs. de la Computación e Informática, Temuco, Chile; Universidad de Caldas, Depto. de Sistemas e Informática, Manizales, Colombia; Universidad Nacional Abierta y a Distancia, ECBTI, Bogotá, Colombia; Universidad Católica de Temuco, Depto. Procesos Diagnósticos y Evaluación, Temuco, Chile; REMIT, IJP, Universidade Portucalense, Porto, Portugal; IEETA, Universidade Aveiro, Aveiro, Portugal | K23: English | L23: Conference paper | M23: Chile | N23: Teaching computer programming is an important topic. Due to Science and Technology initiatives, these topics are considered in different training cycles. For higher education, students must cultivate fundamental concepts for the development of software applications, which not only contribute to the knowledge of programming languages but also to opening guidelines for computational thinking. However, selecting a proper tool can be complex. Especially for the diversity of alternatives on the web. Further, not all of them meet basic usability requirements. In this study, we present a set of platforms that seek to develop programming skills based on video games. The search consisted of 4 stages: (i) definition of the research questions, (ii) scope review, (iii) execution of search and (iv) platform selection. Finally, we employ a usability heuristic evaluation for a novice programming system to determine best practices. © 2021 The Authors. Published by Elsevier B.V.
A24: 23 | B24: Scopus | C24: Zhang C.; Wang F. | D24: blended learning; multivariate assessment and evaluation system; teaching reform; TPACK | E24: Research on Teaching Methods of 'C Language Programming' Based on TPACK | F24: 2024 | G24: 2024 4th International Conference on Educational Technology, ICET 2024 | H24: 0 | I24: 10.1109/ICET62460.2024.10868501 | J24: Qingdao University of Science & Technology, Faculty of Information Science and Technology, Qingdao, 266061, China | K24: English | L24: Conference paper | M24: China | N24: The 'C Language Programming' course is a specialized elective for 33 non-computer undergraduate majors in 9 faculties of our university. It aims to develop students ' computational thinking. And it aims to make student's ability to solve practical problems using computer programs. In response to the pain points of 'significant differences in student basic knowledge and difficulty in unifying teaching difficulty' in teaching content, teaching evaluation methods, and teacher-student teaching and learning, the teaching method based on TPACK has been adopted. Following the educational philosophy of 'output oriented and continuous improvement', the subject teaching knowledge has been integrated. With the help of modern information technology, based on various integrated teaching modes of online and offline, and of class and extracurricular, a corresponding teaching environment has been constructed, curriculum ideological and political education has been strengthened, and a diversified assessment and evaluation system has been constructed. Based on the above research, multiple disciplinary competition awards have been obtained. Teaching practice has proven that the above teaching methods effectively solve pain points. The transformation has been achieved from traditional classrooms to smart classrooms, from knowledge classrooms to ability classrooms, and from indoctrination classrooms to innovative classrooms. The students ' learning interest and self-learning abilities have been enhanced. The students' ability to apply knowledge, solve problems, perform hands-on operations, and cooperate in teams have been developed. The students' patriotism has been cultivated. The correct life values of students has been shaped. The students' innovative thinking and determination to challenge themselves have been stimulated. © 2024 IEEE.
A25: 24 | B25: Scopus | C25: Bubnic B.; Mernik M.; Kosar T. | D25: computational thinking; introductory programming; predictors of performance; problem-solving; structural equation modeling | E25: Exploring the Predictive Potential of Complex Problem-Solving in Computing Education: A Case Study in the Introductory Programming Course | F25: 2024 | G25: Mathematics | H25: 1 | I25: 10.3390/math12111655 | J25: Faculty of Electrical Engineering and Computer Science, University of Maribor, Koroška Cesta 46, Maribor, 2000, Slovenia | K25: English | L25: Article | M25: Slovenia | N25: Programming is acknowledged widely as a cornerstone skill in Computer Science education. Despite significant efforts to refine teaching methodologies, a segment of students is still at risk of failing programming courses. It is crucial to identify potentially struggling students at risk of underperforming or academic failure. This study explores the predictive potential of students’ problem-solving skills through dynamic, domain-independent, complex problem-solving assessment. To evaluate the predictive potential of complex problem-solving empirically, a case study with 122 participants was conducted in the undergraduate Introductory Programming Course at the University of Maribor, Slovenia. A latent variable approach was employed to examine the associations. The study results showed that complex problem-solving has a strong positive effect on performance in Introductory Programming Courses. According to the results of structural equation modeling, 64% of the variance in programming performance is explained by complex problem-solving ability. Our findings indicate that complex problem-solving performance could serve as a significant, cognitive, dynamic predictor, applicable to the Introductory Programming Course. Moreover, we present evidence that the demonstrated approach could also be used to predict success in the broader computing education community, including K-12, and the wider education landscape. Apart from predictive potential, our results suggest that valid and reliable instruments for assessing complex problem-solving could also be used for assessing general-purpose, domain-independent problem-solving skills in computing education. Likewise, the results confirmed the positive effect of previous programming experience on programming performance. On the other hand, there was no significant direct effect of performance in High School mathematics on Introductory Programming. © 2024 by the authors.
A26: 25 | B26: Scopus | C26: Sermsri N.; Sukkamart A.; Kantathanawat T. | D26: computer programming; information communications technology (ICT); pre-service teachers; Thailand | E26: Thai Computer Studies Student Teacher Complex Problem-Solving Skills Development: A Cooperative Learning Management Model | F26: 2022 | G26: Journal of Higher Education Theory and Practice | H26: 6 | I26: 10.33423/jhetp.v22i16.5603 | J26: King Mongkut’s Institute of Technology, Ladkrabang, Thailand | K26: English | L26: Article | M26: Thailand | N26: The research aim was to develop cooperative learning management (CLM) model using computational thinking (CT) and mind mapping techniques to promote Thai computer studies student-teacher (CSST) complex problem-solving skills (CPSS). The sample was 15 first-year CSSTs in the Faculty of Education's Computer Studies Department of Thailand's Thonburi Rajabhat University. The pre-study achievement test classified students into three levels (weak, moderate, or strong). Five experts were involved in the assessment of the CLM plan, which was determined to have a content validity index (CVI) at the highest level (mean = 4.00). They also evaluated the 21 indicator rubric scoring-type test tool for complex problem-solving skills (CPSS) and determined its CVI mean = 3.99. After a pilot test of 30 student teachers, a 42-item questionnaire was finalized. The final CPSS course involved five primary components within an eight-step process. The CSST used six sessions of four hours each. Results showed that the final course post-test score was 90.40 for all 15 student-teachers, significantly higher than the 70% achievement level setting. © 2022, North American Business Press. All rights reserved.
... A37: 36 | B37: Scopus | C37: Arslantaş T.K. | D37: Computational thinking; Design-based learning; Integrating computational thinking; Theoretical background | E37: Theoretical Framework for Integrating Computational Thinking in Education | F37: 2025 | G37: Integrating Computational Thinking Through Design-Based Learning: Strategies for Integration in Different Disciplines | H37: 0 | I37: 10.1007/978-981-96-0853-9_2 | J37: Department of Special Education, Aksaray University, Aksaray, Turkey | K37: English | L37: Book chapter | M37: Turkey | N37: Computational Thinking (CT) encompasses the cognitive processes utilized to articulate problems, allowing their resolution through computational steps and algorithms. Evolving into a centering skill applicable across diverse professional domains, CT extends beyond computer science, reaching learners in various disci-plines. Its impact on education is evident as teachers integrate it from preschool to higher education levels. The role and significance of CT in education can be outlined across four key dimensions, namely fostering problem-solving skills, preparing for the future workforce, fostering critical thinking skills, and exploring creativity. As the importance of CT continues to grow in the modern world, educators recognize the need to integrate CT into academic disciplines at all levels of education. However, the incorporation of CT into education presents both challenges and opportunities. One of the significant challenges educators face is how to design and deliver CT learning activities that align with their teaching goals and objectives. Teachers must have the knowledge and skills to design and implement practical CT learning activities and assess students’ CT competencies. Addressing these challenges necessitates a robust foundation, where theoretical frameworks are crucial. Several theoretical frameworks have been proposed in the literature to address these challenges and guide educators in integrating CT into teaching. These frameworks offer guidelines and strategies for designing, delivering, and assessing CT learning activities. This chapter discusses three theoretical frameworks, namely problem-based instruction (PBI), Digital Story-telling (DST), and The CT Integration Elements. These frameworks were selected due to their alignment with the principles of design-based learning, which is the focus of this book. Each framework offers unique perspectives and approaches to integrating CT into teaching. © The Editor(s) (if applicable) and The Author(s), under exclusive license to Springer Nature Singapore Pte Ltd. 2024.
A38: 37 | B38: Scopus | C38: Li Z.; Chai S.; He Z. | D38: Computational thinking; Knowledge building; Knowledge Forum | E38: Promoting Undergraduates Computational Thinking in a Knowledge Building Environment | F38: 2024 | G38: Proceedings of International Conference on Computational Thinking Education | H38: 0 | J38: University of Macau, Macao; South China Normal University, China | K38: English | L38: Conference paper | M38: China | N38: Promoting undergraduates computational thinking (CT) remains a significant challenge. The purpose of this study was to foster students’ CT in a knowledge building (KB) environment. The participants were 49 college students from a Chinese university. They were randomly assigned to ten groups. Each group used Knowledge Forum (a computer-supported collaborative knowledge-building environment), supported by customized scaffolding, to discuss and develop the computational artifacts of their choice. Data were collected from student groups’ online discourse, pre-post CT scale, and group artifacts. We employed Friedman test, Wilcoxon signed rankings test, and Kruskal-Wallis test to analysis data. In general, we found KB activities facilitated students’ CT. Engaging in KB activities can significantly promote students’ algorithmic thinking, cooperativity, critical thinking, and problem-solving skills, except for their creativity. Moreover, students demonstrated differential engagement in various CT tasks, as reflected by their discourse and products, and needed more support in evaluation & generalization. This study can offer insights for educators to design KB environment to support students’ CT. © 2024, The Education University of Hong Kong. All rights reserved.
A39: 38 | B39: Scopus | C39: Caudillo M. | D39: AI in education; educational innovation; higher education; professional education | E39: Transforming Perceptions: Pedagogical Efficacy of Generative Artificial Intelligence in Art-Tech Education | F39: 2025 | G39: Lecture Notes on Data Engineering and Communications Technologies | H39: 0 | I39: 10.1007/978-981-97-9255-9_25 | J39: Tecnologico de Monterrey, Mexico City, Mexico | K39: English | L39: Book chapter | M39: Mexico | N39: The integration of Generative Artificial Intelligence (AI) in education has sparked transformative changes in the artistic-technological landscape, shaping both educational practices and industry perspectives. This paper deepen into the impact of integrating Generative AI within an interactive design course, focusing on digital artists’ development of technical skills alongside critical thinking essential for evaluating AI-generated outputs. The study navigates challenges surrounding the ethical use of AI in creative industries, addressing concerns about copyright and fostering responsible AI deployment. Professional-grade tools including ChatGPT 3.5, Unity game engine version 2022.3, and Visual Studio Code with C# plugins were utilized, ensuring a robust development process. The research methodology followed action research principles, emphasizing collaboration and iterative refinement. Data collection combined Likert scale and open-ended questions, enabling a comprehensive analysis capturing both quantitative trends and qualitative insights. Results indicate a significant shift in students’ perceptions, with 60% expressing positivity towards programming post-course, and 90% viewing Generative AI as a valuable tool. These findings align with previous studies highlighting AI’s potential to enhance computational thinking and problem-solving skills. However, the study acknowledges limitations due to sample size constraints, emphasizing the need for replication in larger cohorts for comprehensive validation. The study’s implications extend to AI literacy integration, metacognitive strategies, and prompt writing skills development in educational frameworks, facilitating optimal AI tool utilization. By reshaping negative perceptions and fostering critical thinking, this research contributes to bridging the perception-action gap and propels education and creative industries towards effective AI integration, innovation, and growth. © The Author(s), under exclusive license to Springer Nature Singapore Pte Ltd. 2025.
A40: 39 | B40: Scopus | C40: Fang A.-D.; Chen G.-L.; Cai Z.-R.; Cui L.; Harn L. | D40: Blending learning; Computational thinking; Database principles; Flipped class; Teaching model | E40: Research on blending learning flipped class model in colleges and universities based on computational thinking - "Database principles" for example | F40: 2017 | G40: Eurasia Journal of Mathematics, Science and Technology Education | H40: 19 | I40: 10.12973/eurasia.2017.01024a | J40: Suzhou University, China; University of Missouri, United States | K40: English | L40: Article | M40: United States | N40: Computational thinking is to use heuristic reasoning to seek the solution of the problem, and has a strong ability to innovate. In the teaching of computer courses, it is one of the important subjects of teaching research to cultivate students' computational thinking ability. The traditional teaching model ignores the cognitive role of the students, which is not conducive to the cultivation of students' innovative thinking and creative ability. Blending learning is an inevitable trend of development in the field of higher education, and a hot research topic in the field of education. Inspired by "Database Principles" course model at University of Missouri, Kansas City, a multi-dimensional blending learning flipped class model of computer courses in colleges and universities based on students' computational thinking ability is proposed to construct teaching model and design theoretical and practical teaching system and diversified teaching process evaluation system. In the course of "Database Principles", the teaching practice is carried out to verify the teaching effect. © 2017 Authors.
A41: 40 | B41: Scopus | C41: Lampropoulos G.; Keramopoulos E.; Diamantaras K.; Evangelidis G. | D41: augmented reality; computer science; digital game-based learning; education; extended reality; gamification; serious games | E41: Integrating Augmented Reality, Gamification, and Serious Games in Computer Science Education | F41: 2023 | G41: Education Sciences | H41: 31 | I41: 10.3390/educsci13060618 | J41: Department of Information and Electronic Engineering, International Hellenic University, Thessaloniki, 57400, Greece; School of Humanities, Hellenic Open University, Patras, 26335, Greece; Department of Applied Informatics, University of Macedonia, Thessaloniki, 54636, Greece | K41: English | L41: Article | M41: Greece | N41: This study aims to evaluate the impact of using augmented reality, gamification, and serious games in computer science education. The study presents the development process of an educational mobile application, describes an experiment that was conducted and involved 117 higher education students, and analyzes the results of a 49-item paper-based questionnaire. In total, 8 research questions were explored. The results of the study revealed that several educational benefits can be yielded when integrating such applications in teaching and learning activities and actively involving students in the design and development process. In particular, the application was assessed as an effective learning tool that could enrich and improve the educational process and create interactive, inclusive, and student-centered learning environments. Its use led mostly to positive effects and experiences while maintaining the negative ones to a minimum and most students expressed positive emotions. Students were able to learn in a more enjoyable and interesting manner, and their motivation, engagement, self-efficacy, and immersion were greatly increased. Students’ innate need for autonomy, competence, and relatedness was satisfactorily met and both their intrinsic and extrinsic learning motivations were triggered. They felt a sense of belonging and cultivated their social skills. The potential of the application to improve students’ knowledge acquisition and academic achievements was also observed. The application also enabled students to improve their computational thinking and critical thinking skills. Therefore, the potential of combining augmented reality, gamification, and serious games to enhance students’ cognitive and social–emotional development was highlighted. © 2023 by the authors.
A42: 41 | B42: Scopus | C42: Mar G.R. | E42: Thinking matters: Critical thinking as creative problem solving | F42: 2021 | G42: Thinking Matters: Critical Thinking As Creative Problem Solving | H42: 1 | I42: 10.1142/11712 | J42: Applied Mathematics Department, University of the Basque Country, Pl. Ing. Torres Quevedo, 1, Bilbao, 48013, Spain | K42: English | L42: Book | M42: United States | N42: The ancient Roman orator Horace (65 B.C.-8 B.C.) wrote, "Control your mind or it will control you." In today's society we are faced with more information, and more complex information, than ever. Faced with making decisions, we can feel overwhelmed and helpless. One way to become less helpless - to gain control over our lives - is to gain control over our own thinking. We can feel helpless when faced with this barrage of information, opinions, data, and conflicting arguments if we lack the skills to quickly grasp and critically evaluate them. This book is designed to impart these kinds of skills. Any course in a university should do more than teach information - in nearly every field, 'facts' become obsolete quickly. The goals of Thinking Matters are to help you: to be more creative, fluid, and perceptive in solving problems; to identify the implicit premises, fallacies, or moral principles that are presupposed in the arguments of others; to be able to advocate for what you believe by effectively refuting opposing arguments and presenting persuasive arguments of your own; to understand the logic of scientific testing to distinguish between science and pseudo-science; to develop your own style and intuitive powers of logical deduction, probabilistic reasoning, and computational thinking. The text is punctuated with exercises or 'personal experiments' to challenge and stimulate your curiosity. These exercises may take the form of an inventory to be taken, a puzzle to be solved, or some thoughts to ponder. The first module Thinking Matters: Critical Thinking as Creative Problem Solving introduces the student to all the above topics - logic, probability, argument forms and fallacies, ethical reasoning, algorithms, and computational thinking - through logic puzzles and games and mathematical magic tricks. © 2021 by World Scientific Publishing Co. Pte. Ltd. All rights reserved.
A43: 42 | B43: Scopus | C43: Varela C.; Rebollar C.; García O.; Bravo E.; Bilbao J. | D43: Education; Educational development; Evaluation in education; Pedagogy; Teaching research | E43: Skills in computational thinking of engineering students of the first school year | F43: 2019 | G43: Heliyon | H43: 21 | I43: 10.1016/j.heliyon.2019.e02820 | J43: College of Computer Science and Electronic Engineering, Hunan University, Changsha, 410012, China | K43: English | L43: Article | M43: Spain | N43: In this world of the digital era, in which we are living, one of the fundamental competences that students must acquire is the competence in Computational Thinking (CT). Although there is no general consensus on a formal definition, there is a general understanding of it as a set of skills and attitudes necessary for the resolution, with or without a computer, of problems that may arise in any area of life. Measuring and evaluating which of the CT skills students have acquired is fundamental, and for this purpose, previously validated measuring instruments must be used. In this study, a previously validated instrument is applied to know if the new students in the Engineering Degrees of the University of the Basque Country have the following skills in CT: Critical Thinking, Algorithmic Thinking, Problem Solving, Cooperativity and Creativity. © 2019 The Authors; Education; Educational development; Evaluation in education; Pedagogy; Teaching research. © 2019 The Authors
A44: 43 | B44: Scopus | C44: Li X.; Luo J.; Gu C. | D44: Artificial intelligence; Case method; Computational thinking; Computer fundamentals course; OBE | E44: Exploration and Practice of Computer Fundamentals Course Based on Computational Thinking Competency Improvement | F44: 2023 | G44: Communications in Computer and Information Science | H44: 0 | I44: 10.1007/978-981-99-2446-2_6 | J44: School of Nursing, College of Nursing, Taipei Medical University, Taipei, Taiwan; Department of Nursing, Shuang Ho Hospital, Taipei Medical University, Taipei, Taiwan; Graduate Institute of Network Learning Technology, National Central University, Taoyuan, Taiwan; Research Center for Science and Technology for Learning, National Central University, Taoyuan, Taiwan | K44: English | L44: Conference paper | M44: China | N44: The computer fundamentals course is an important course in computer education in higher education. It serves the role of cultivating students’ computational thinking and being able to use information technology to solve complex computational problems in various majors. However, the original objectives and teaching content of the course did not meet the needs of the new AI era, did not integrate with the disciplines, and the teaching method did not reflect the shortcomings of student-centered. This paper constructs a computational thinking hierarchical competency improvement model of, and adopts the OBE method to reverse the teaching content, teaching methods and evaluation methods. The teaching reform achieved good results in practical teaching and learning. Finally, this paper discusses the inefficient of teaching reform and the direction of improvement in the future. © 2023, The Author(s), under exclusive license to Springer Nature Singapore Pte Ltd.
A45: 44 | B45: Scopus | C45: Chang C.-Y.; Jen H.-J.; Yang J.C. | D45: Core competencies; digital game-based learning; experiential learning; higher education; nursing education; professional training | E45: Integrating scenario game-based learning with the experiential learning strategy to facilitate nursing students’ learning performance and core competencies in labor support training | F45: 2024 | G45: Interactive Learning Environments | H45: 5 | I45: 10.1080/10494820.2024.2308092 | J45: Department of Educational Sciences and, Early Childhood Education, University of Patras, Greece | K45: English | L45: Article | M45: Taiwan | N45: Nursing students participating in labor support training need to learn core clinical skills to assess the delivery process to reduce the risk and labor pain of pregnant women. We proposed an approach to integrate scenario game-based learning with the experiential learning strategy to facilitate nursing students' learning performance and six core competencies (6CCs) (communication, collaboration, critical thinking, complex problem solving, creative thinking, and computational thinking) during labor support training. This study adopted a quasi-experimental study with a pretest and posttest design. We randomly allocated 44 first-year nursing students at a university nursing school to an experimental group (adopted scenario game-based learning integrated with the experiential learning strategy) (n = 21) or a control group (adopted video-based learning) (n = 23). Before and after the intervention, all students were assessed for their learning performance and 6CCs in labor support. The results showed that the experimental group exhibited significantly better learning performance and 6CCs than the control group, indicating that the integration of a scenario game-based learning with the experiential learning strategy validated a strong impact on nursing students' labor support training. Nurse scholars should deliberately incorporate appropriate technologies and learning strategies to facilitate nursing education. © 2024 Informa UK Limited, trading as Taylor & Francis Group.
A46: 45 | B46: Scopus | C46: Misirli A.; Komis V. | D46: Computational thinking; Debugging; Early childhood education; Educational robotics; Programming | E46: Computational thinking in early childhood education: The impact of programming a tangible robot on developing debugging knowledge | F46: 2023 | G46: Early Childhood Research Quarterly | H46: 22 | I46: 10.1016/j.ecresq.2023.05.014 | J46: Hector Research Institute of Education Sciences and Psychology, University of Tübingen, Tübingen, Germany; Mathematics Education Centre, Loughborough University, Loughborough, United Kingdom; Universidad Nacional de Educación a Distancia (UNED), Madrid, Spain; LEAD Graduate School and Research Network, University of Tübingen, Tübingen, Germany; Cognitive Modeling Group, Cognitive Science, Faculty of Science, University of Tübingen, Tübingen, Germany; Institute of Psychology, University of Innsbruck, Innsbruck, Austria; Pädagogische Hochschule Schwäbisch Gmünd, Schwäbisch Gmünd, Germany; Institute of Psychology, University of Graz, Graz, Austria | K46: English | L46: Article | M46: Greece | N46: The present study investigates the debugging process of 526 children in preschool (4–6 aged) when programming a tangible robot. When a child is involved in programming, it is needed to identify and correct errors, or in other words, debug a program. Debugging is a high-level thinking skill and is an essential component closely related to developing Computational Thinking in early childhood education. Though the debugging process is a cognitive function in programming investigated by many researchers in recent decades, most studies are conducted either in primary, secondary education, or higher education concerning beginners or experts in programming. Very few reviews, and some focus on preschool education. Our study set out the following objectives: 1) How do children identify the existence of error and locate it? 2) What types of errors emerge when coding? 3) What type of error is complex for novice programmers? 4) What strategies are developed by novice programmers to debug effectively? and 5) What types of knowledge do novice programmers construct by debugging the tangible robot Bee-Bot? The study follows an iterative model of a design-based research approach. It uses multiple case studies to collect qualitative and quantitative data. The programming intervention was implemented by 30 educators in their classrooms and was based on a scenario-based teaching design. The debugging process was analysed using Klahr & Craven's framework (1988): 1) test and evaluate program, 2) identify bug, 3) represent program, 4) locate bug and 5) correct bug. The main finding is the construction and development of syntactic and semantic knowledge. © 2023
A47: 46 | B47: Scopus | C47: Tsarava K.; Moeller K.; Román-González M.; Golle J.; Leifheit L.; Butz M.V.; Ninaus M. | D47: 21st century abilities; Elementary education | E47: A cognitive definition of computational thinking in primary education | F47: 2022 | G47: Computers and Education | H47: 82 | I47: 10.1016/j.compedu.2021.104425 | J47: Department of Computer and Information Technology, Purdue University, 401 N. Grant Street, West Lafayette, 47907, IN, United States; School of Materials Engineering, Purdue University, Neil Armstrong Hall of Engineering, 701 West Stadium Avenue, West Lafayette, 47907-2045, IN, United States | K47: English | L47: Article | M47: Germany | N47: There is increasing effort to integrate Computational Thinking (CT) curricula across all education levels. Therefore, research on CT assessment has lately progressed towards developing and validating reliable CT assessment tools, which are crucial for evaluating students' potential learning progress and thus the effectiveness of suggested curricular programs. Several CT assessment tools were developed for elementary, high-school, and university students over the last years. Moreover, associations between CT scores and other cognitive abilities were unraveled. However, studies on the topic in primary school level are scarce. Like the general concept of intelligence, CT remains broadly defined as the ability to combine algorithmic operations to form complex solutions in order to solve problems effectively, utilizing concepts of computer science with or without the use of computers. In this study, we aimed at specifying a cognitive definition of CT, focusing on the under-investigated population of primary school children. Since validated assessment tools for this age group were not available, we adapted a validated CT test, which was initially designed for middle school students. In our study participated 192 third and fourth graders. The analyses revealed promising results on the reliability of the adapted CT assessment for primary school students. Moreover, findings indicated CT's positive associations with i. complex numerical abilities, ii. verbal reasoning abilities, and iii. non-verbal visuospatial abilities. Our results indicate similarities but also differences in associations of CT with other cognitive abilities in primary school children compared to other age groups. In summary: i. numerical abilities seem to associate with CT at the primary school level, whereas this seems not the case later on in education, ii. verbal abilities seem to associate with CT both along primary and secondary education levels, and iii. non-verbal reasoning abilities seem to associate with CT from primary education level to the university level and beyond. These differences imply that several basic cognitive abilities support CT abilities and CT development differentially across ages. © 2021
A48: 47 | B48: Scopus | C48: Vieira C.; Magana A.J.; García R.E.; Jana A.; Krafcik M. | D48: Computational science; Computational thinking; Conceptual change; Self-beliefs; Simulations; Thermodynamics | E48: Integrating Computational Science Tools into a Thermodynamics Course | F48: 2018 | G48: Journal of Science Education and Technology | H48: 27 | I48: 10.1007/s10956-017-9726-9 | J48: Teacher Training and Education Faculty Civic Education Study Program, Universitas Al Asyariah Mandar, Polewali Mandar, Indonesia; Faculty of Computer Science and Mathematics, University of Kufa, Najaf, Iraq; National University of Science and Technology, Thi-Qar, Iraq | K48: English | L48: Article | M48: United States | N48: Computational tools and methods have permeated multiple science and engineering disciplines, because they enable scientists and engineers to process large amounts of data, represent abstract phenomena, and to model and simulate complex concepts. In order to prepare future engineers with the ability to use computational tools in the context of their disciplines, some universities have started to integrate these tools within core courses. This paper evaluates the effect of introducing three computational modules within a thermodynamics course on student disciplinary learning and self-beliefs about computation. The results suggest that using worked examples paired to computer simulations to implement these modules have a positive effect on (1) student disciplinary learning, (2) student perceived ability to do scientific computing, and (3) student perceived ability to do computer programming. These effects were identified regardless of the students’ prior experiences with computer programming. © 2018, Springer Science+Business Media, LLC, part of Springer Nature.
A49: 48 | B49: Scopus | C49: Muthmainnah; Obaid A.J.; Al Yakin A.; Brayyich M. | D49: Artificial intelligence; Computational thinking skills; Educational robotics; Foreign language and higher education | E49: Enhancing Computational Thinking Based on Virtual Robot of Artificial Intelligence Modeling in the English Language Classroom | F49: 2023 | G49: Lecture Notes in Networks and Systems | H49: 11 | I49: 10.1007/978-981-99-6550-2_1 | J49: Raymond A. Mason School of business, College of William and Mary, Estados Unidos, Mexico; Tecnológico de Monterrey, Mexico; Universidad de granada, Spain | K49: English | L49: Conference paper | M49: Indonesia | N49: There has been a lack of both educational focus on computational thinking (CT) and research into effective methods of assessing CT competence. This research takes a comprehensive look at the methods used to grade CT in higher education. This study examines the use of educational robotics (ER) as a teaching strategy in higher education, with particular attention to how undergraduate students might respond differently to this kind of learning. Students collaborate using artificial intelligence to find out how to program robots (start installing, interact, sharing information, feedback, and evaluate). Of 181 undergraduates’ students from Indonesia, Saudi Arabia, Riyadh, Pakistan, the Philippines, Egypt, Algeria, Lesoto, Cameron, Bangladesh, Sudan, Uganda, Portugal, Ukraine, Pakistan, and England make up the study groups. These students are enrolled in the first semester of the 2022 academic year. In this work, researchers employed a quantitative method technique. During the exercise, the participants were closely monitored to assess their performance in relation to the core CT constructs in the robotics class. These constructs include confidence in dealing with complexity, persistence in problem-solving, tolerance for ambiguity, ability to handle open-ended problems, effective communication skills, and teamwork abilities. In order to enhance the implementation of strategic initiatives. To facilitate more strategic learning, this study found that the use of visual robotics of artificial intelligence helped to developing CT and the respondents strong believe it to increase students’ confidence in dealing with complexity, persistence in working through difficult questions, tolerance for ambiguity, ability to handle open problems, communication skills, and teamwork. It is thought that this study would be valuable to academics, curriculum designers, and teachers because students who play artificial intelligence games exhibit considerably greater cognitive flexibility than before in higher education. © 2023, The Author(s), under exclusive license to Springer Nature Singapore Pte Ltd.
A50: 49 | B50: Scopus | C50: RODRÍGUEZ-ABITIA G.; RAMÍREZ-MONTOYA M.S.; LÓPEZ-CAUDANA E.O.; ROMERO-RODRÍGUEZ J.M. | D50: Computational thinking; Critical thinking; Educational innovation; higher education; Problem solving | E50: Factors for the Development of Computational Thinking in Undergraduate Students; [Factores Para El Desarrollo Del Pensamiento Computacional En Estudiantes De Pregrado] | F50: 2021 | G50: Campus Virtuales | H50: 5 | J50: Universidad de los Andes, Colombia | K50: Spanish | L50: Article | M50: United States | N50: Computational thinking, commonly associated with engineering and computer science disciplines, can be analyzed in other areas, since this process exceeds the fostering of computing skills and encompasses critical, lateral and creative thinking processes. This article was based on the question: What are the differences in the dimensions of computational thinking among disciplinary areas of undergraduate students? We worked with a cross-sectional study design and convenience sampling, with a 29-item scale to evaluate computational thinking in 95 undergraduate students studying various disciplines in two Mexican universities. The results showed that there were differences with engineering students who have greater critical, algorithmic and problem-solving thinking. In cooperativity and creativity, no significant differences were found between psychology, administrative informatics and engineering students. This article is intended to be of value to researchers, academics, students and decision makers interested in creating scenarios that promote problem solving. © 2021 Red Universitaria de Campus Virtuales. All rights reserved.
A51: 50 | B51: Scopus | C51: Buitrago Flórez F.; Casallas R.; Hernández M.; Reyes A.; Restrepo S.; Danies G. | D51: computational thinking; computer science education; higher education; programming; schools | E51: Changing a Generation’s Way of Thinking: Teaching Computational Thinking Through Programming | F51: 2017 | G51: Review of Educational Research | H51: 252 | I51: 10.3102/0034654317710096 | J51: Colombia | K51: English | L51: Article | M51: Colombia | N51: Computational thinking (CT) uses concepts that are essential to computing and information science to solve problems, design and evaluate complex systems, and understand human reasoning and behavior. This way of thinking has important implications in computer sciences as well as in almost every other field. Therefore, we contend that CT should be taught in elementary schools and included in every university’s educational curriculum. Several studies that measure the impact of teaching programming, analytical thinking, and CT have been conducted. In this review, we analyze and discuss findings from these studies and highlight the importance of learning programming with a focus on the development of CT skills at a young age. We also describe the tools that are available to improve the teaching of CT and provide a state-of-the-art overview of how programming is being taught at schools and universities in Colombia and around the world. © 2017, © 2017 AERA.

Sheet Arts WOS Original
A1: # | B1: Database | C1: Authors | D1: Keywords | E1: Title | F1: Year | G1: Source title | H1: Cited by | I1: DOI | J1: Affiliations | K1: Language | L1: Document Type | M1: Country | N1: Abstract
A2: 1 | B2: Web of Science | C2: George-Reyes, CE; López-Caudana, EO; Ramírez-Montoya, MS; Ruiz-Ramírez, JA | D2: Education 4.0; complex thinking; computational thinking; virtual reality; educational innovation; higher education | E2: Virtual Reality-Based Computational Thinking and Complex Reasoning: Sequential Case Study | F2: 2023 | G2: RED-Revista de Educacion a Distancia | H2: 46 | I2: 10.6018/red.540841 | J2: Tecnologico de Monterrey | K2: Spanish | L2: Article | M2: Mexico | N2: The development of Computational Thinking (CT) in school education is considered essential to enable students to solve complex problems by deploying skills such as pattern identification and algorithm design. This article describes the evaluation of a learning experience of PC components from the complex reasoning approach (R4C) using a web-based virtual reality (WebVR) application called Virtual Campus. The method was intrinsic to a single case with a sequential study design based on quantitative methods. Two instruments were applied to 176 university students, the first to measure the acceptance of the virtual environment and the second to assess the development of complex reasoning. The results indicate that the evaluation of the virtual campus and its tools is satisfactory, with very favorable evaluations in terms of ease and intention of use, likewise, the 3D learning experience allowed to scale mainly scientific and critical thinking skills. Due to the above, it can be affirmed that the PC-R4C-WebVR convergence will generate innovative learning dynamics, aligned with the demands of a constantly changing education and that contribute to the improvement of problem- solving practices.
A3: 2 | B3: Web of Science | C3: Fang, AD; Chen, GL; Cai, ZR; Cui, L; Harn, L | D3: blending learning; flipped class; database principles; computational thinking; teaching model | E3: Research on Blending Learning Flipped Class Model in Colleges and Universities Based on Computational Thinking - Database Principles for Example | F3: 2017 | G3: Eurasia Journal of Mathematics Science and Technology Education | H3: 9 | I3: 10.12973/eurasia.2017.01024a | J3: Suzhou University; University of Missouri System; University of Missouri Columbia | K3: English | L3: Article | M3: China | N3: Computational thinking is to use heuristic reasoning to seek the solution of the problem, and has a strong ability to innovate. In the teaching of computer courses, it is one of the important subjects of teaching research to cultivate students' computational thinking ability. The traditional teaching model ignores the cognitive role of the students, which is not conducive to the cultivation of students' innovative thinking and creative ability. Blending learning is an inevitable trend of development in the field of higher education, and a hot research topic in the field of education. Inspired by Database Principles course model at University of Missouri, Kansas City, a multi-dimensional blending learning flipped class model of computer courses in colleges and universities based on students' computational thinking ability is proposed to construct teaching model and design theoretical and practical teaching system and diversified teaching process evaluation system. In the course of Database Principles, the teaching practice is carried out to verify the teaching effect.
A4: 3 | B4: Web of Science | C4: Rodriguez-Abitia, G; Ramírez-Montoya, MS; López-Caudana, EO; Romero-Rodriguez, JM | D4: Computational thinking; Critical thinking; Problem solving; Educational innovation; Higher education | E4: Factors for the development of computational thinking in undergraduate students | F4: 2021 | G4: Campus Virtuales | H4: 25 | J4: William & Mary; Tecnologico de Monterrey; University of Granada | K4: Spanish | L4: Article | M4: United States | N4: Computational thinking, commonly associated with engineering and computer science disciplines, can be analyzed in other areas, since this process exceeds the fostering of computing skills and encompasses critical, lateral and creative thinking processes. This article was based on the question: What are the differences in the dimensions of computational thinking among disciplinary areas of undergraduate students? We worked with a cross-sectional study design and convenience sampling, with a 29-item scale to evaluate computational thinking in 95 undergraduate students studying various disciplines in two Mexican universities. The results showed that there were differences with engineering students who have greater critical, algorithmic and problem-solving thinking. In cooperativity and creativity, no significant differences were found between psychology, administrative informatics and engineering students. This article is intended to be of value to researchers, academics, students and decision makers interested in creating scenarios that promote problem solving.
A5: 4 | B5: Web of Science | C5: Maesschalck, S | D5: computer science education; critical thinking; curriculum development; higher education; professional skills | E5: CRITICAL THINKING: THE CODE TO CRACK COMPUTER SCIENCE EDUCATION | F5: 2024 | G5: Journal of Information Technology Education-Innovations in Practice | H5: 41 | I5: 10.28945/5387 | J5: Lancaster University | K5: English | L5: Article | M5: United Kingdom | N5: Aim/Purpose This paper explores the potential value of critical thinking in computer science education and discusses strategies for its integration across the curriculum. Background As technology rapidly evolves and becomes increasingly integrated into society, there is a growing need for computer science graduates who can think critically about the ethical, societal, and technical implications of their work. Methodology This study employs a conceptual analysis approach, reviewing existing literature on critical thinking in computer science education and synthesising insights from various sources. The analysis focuses on identifying challenges in implementing critical thinking instruction and proposing practical solutions. Contribution This paper provides an overview of the current discourse on integrating critical thinking into computer science curricula. It explores the distinction between critical thinking and computational thinking, discusses various pedagogical approaches, and offers insights into potential challenges of implementation. Findings The paper identifies six key challenges in embedding critical thinking into computer science education. It proposes initial steps to address these challenges, including curriculum redesign, innovative assessment methods, and faculty development strategies. Recommendations for Practitioners Recommendations for Researchers Educators should adopt a balanced approach that complements technical education with critical thinking exercises, using diverse teaching methods such as dialogue-based teaching and authentic instruction. Future research should focus on empirical studies to assess the effectiveness of the proposed solutions and develop standardised tools for evaluating critical thinking skills in computer science.
A6: 5 | B6: Web of Science | C6: Chang, SC; Wongwatkit, C | D6: Computer programming; Higher order thinking; Scrum project; Peer assessment; Collaborative learning | E6: Effects of a peer assessment-based scrum project learning system on computer programming's learning motivation, collaboration, communication, critical thinking, and cognitive load | F6: 2024 | G6: Education and Information Technologies | H6: 88 | I6: 10.1007/s10639-023-12084-x | J6: Yuan Ze University; Mae Fah Luang University; Mae Fah Luang University | K6: English | L6: Article | M6: Thailand | N6: As computational thinking becomes increasingly essential, the challenge of designing effective teaching approaches to foster students' abilities in this area persists, especially for higher order thinking skills. This study addresses this challenge by proposing and implementing a peer assessment-based Scrum project (PA-SP) learning approach in university computer programming learning. The approach involves dividing 98 third-year college students into an experimental group, which employs the PA-SP approach, and a control group, which uses the conventional Scrum project (C-SP) approach. The study investigates the impact of the PA-SP approach on students' programming projects, learning motivation, project collaboration, communication, critical thinking, and cognitive load. The results demonstrate that the PA-SP approach significantly enhances learning achievement and motivation while also improving collaboration, communication, and critical thinking. By providing practical insights into effective teaching strategies to promote students' computational thinking, this research has significant implications for improving programming education in universities.
A7: 6 | B7: Web of Science | C7: Kui, XY; Liu, WG; Guo, KH; Xia, JZ; Du, HK | D7: Higher education; Python language; minimum knowledge sets; computational thinking | E7: TEACHING METHOD REFORM OF PYTHON LANGUAGE PROGRAMMING COURSE BASED ON MINIMUM KNOWLEDGE SETS | F7: 2018 | G7: Mechatronic Systems and Control | H7: 10 | I7: 10.2316/Journal.201.2018.4.201-2956 | J7: Central South University; Central South University | K7: English | L7: Article | M7: China | N7: Reform of teaching content, teaching methods, and evaluation of examination system is an urgent issue of current teaching reform in higher education. Python language is released under the background of calculating ecology, which is concise, clear, elegant, and easy to learn. There are more than thousands of third-party programming libraries. Rich resources of an open community also incur new problem, much information will consume large amounts of attention. How to make students absorb more knowledge and master more skills in the limited class time? Also, it is important for teachers to think about how to improve the efficiency of information cognition. The paper puts forward a teaching method of Python language based on minimum knowledge sets, combining with the characteristics of different major students; the method can not only help students understand the ideas and methods of solving practical problems with the concept of calculation ecology but also raise good computational thinking, innovative thinking, and programming ability, and then effectively improve the quality of teaching and promote the development of higher education.
A8: 7 | B8: Web of Science | C8: Hijón-Neira, R; Pizarro, C; French, J; Palacios-Alonso, D; Çoban, E | D8: computational thinking; programming; performance-based assessment platform; interactive web app; evaluation methods; psychometric scale; student evaluation | E8: Computational Thinking Measurement of CS University Students | F8: 2024 | G8: Applied Sciences-Basel | H8: 61 | I8: 10.3390/app14125261 | J8: Universidad Rey Juan Carlos; Universidad Rey Juan Carlos; Atlantic Technological University (ATU); Ardahan University | K8: English | L8: Article | M8: Spain | N8: Featured Application Altogether, UniCTCheck, a method for measuring the main components of computational thinking of CS university students, was employed by using the following two instruments: firstly, a web application, CTScore, to precisely measure seven of the main components of computational thinking (pattern recognition, creative thinking, algorithmic thinking, problem solving, critical thinking, decomposition, and abstraction); secondly, a psychometric scale, CTProg, to measure CT programming concepts skills (basic directions and sequences, conditionals, loops, functions, and data structures).Abstract The measurement of computational thinking ability among computer science (CS) university students is of paramount importance. This study introduces UniCTCheck, a novel method designed to assess the main components of computational thinking in CS students. Utilising two key instruments, namely, the web application CTScore and the psychometric scale CTProg, this research aims to precisely evaluate seven core components of computational thinking and six programming concepts skills essential for CS students. The study, conducted at Rey Juan Carlos University and Atlantic Technological University Galway, involved a diverse sample of students from different year levels and programme specialisations. Through a rigorous research design, including sampling strategies and data collection tools, this study seeks to address critical research questions related to the measurement of variations in students' computational thinking and programming skills by gender, university level, and location. By shedding light on the significance of computational thinking and programming in the educational realm, this research contributes to the existing literature and underscores the essential role of computational skills in the modern era.
A9: 8 | B9: Web of Science | C9: Kavalchuk, I; Orel, E; Tarasova, K; Talov, D; Belyaeva, A; Federiakin, D | D9: critical thinking; analysis and synthesis; unconstrained online environment; psychometrics; computational behavioural science | E9: How Critical Thinking Manifests Itself in an Unconstrained Online Environment: Preliminary Results from Feasibility Study | F9: 2022 | G9: Knowledge Drivers for Resilience and Transformation, IFKAD 2022 | H9: 12 | J9: HSE University (National Research University Higher School of Economics) | K9: English | L9: Proceedings Paper | M9: Russia | N9: Students are dealing with the information gathered on the internet on an everyday basis. They need to evaluate arguments in various contexts, look for credible sources of information and make valid judgements and conclusions, both for their studies and everyday life tasks. This is why Critical Thinking (CT) is crucial for students on various levels of education. There are various theories about the nature and structure of critical thinking, however, many similarities can be recognized among classical and modern research in this area (Facione, 1990, Lai, 2011). One of the most influential definitions of CT by R. Sternberg presents CT as the mental processes, strategies and representations people use to solve problems, make decisions and learn new concepts (Sternberg, 1986, p. 37). A systematic literature review presented by Lai (Lai, 2011) showed that the list of the components of critical thinking typically includes the following items: analysing arguments; making inferences; judging or evaluating, and making decisions or solving problems. However, the implications of CT to the online environment is a relatively new area of study, where the research of critical online reasoning performed by R. Shavelson and O. ZlatkinTroichanskaya can be singled out (Shavelson et al., 2019). The next generation of standardised assessment is currently being developed and validated for the purpose of evaluation of CT on the various levels of education (Shavelson et al., 2019, Uglanova, Pogozhinz, 2021). These performance assessments use age appropriate complex realistic problem scenarios, thus, students are able to show their real life performance. These scenarios usually combine selected-response and constructed-response items and tasks, which allow students to show various aspects of CT within reasonable time limits. In this study, we would like to present a new measurement tool for the assessment and evaluation of CT in the online environment among university students. CT is considered as a complex structure that includes a sequence of cognitive operations and a not domainspecific type of thinking, which can be developed and assessed in higher education. Based on the literature analysis, the critical thinking definition for purposes of our assessment was suggested - the ability to analyse statements, assumptions and arguments, build causal relationships, select logically correct and convincing arguments, find explanations, draw conclusions and form their own positions when solving problems in an online environment. It consists of three sub-components: center dot Analysing arguments - the respondent evaluates and analyzes the evidence and arguments, as well as the context of their application. center dot Developing sound arguments - the respondent makes logically correct and true conclusions and considers their consequences. center dot Understanding causation and explanation - the respondent establishes causal relationships. (This dimension is not being evaluated in this study.) This measurement tool is made within the framework of the Evidence-centred design (ECD) approach (Mislevy, Almond, and Lukas, 2003). According to this methodology, the researcher should explore what behaviours or performances can reflect the construct. The tasks should be based on the evidence collected from the students' behaviour and work products, which could make proper inferences about students' level of critical thinking.
A10: 9 | B10: Web of Science | C10: Flórez, FB; Casallas, R; Hernández, M; Reyes, A; Restrepo, S; Danies, G | D10: computational thinking; programming; computer science education; schools; higher education | E10: Changing a Generation's Way of Thinking: Teaching Computational Thinking Through Programming | F10: 2017 | G10: Review of Educational Research | H10: 102 | I10: 10.3102/0034654317710096 | J10: Universidad de los Andes (Colombia); Universidad de los Andes (Colombia); Universidad de los Andes (Colombia); Universidad de los Andes (Colombia) | K10: English | L10: Review | M10: Colombia | N10: Computational thinking (CT) uses concepts that are essential to computing and information science to solve problems, design and evaluate complex systems, and understand human reasoning and behavior. This way of thinking has important implications in computer sciences as well as in almost every other field. Therefore, we contend that CT should be taught in elementary schools and included in every university's educational curriculum. Several studies that measure the impact of teaching programming, analytical thinking, and CT have been conducted. In this review, we analyze and discuss findings from these studies and highlight the importance of learning programming with a focus on the development of CT skills at a young age. We also describe the tools that are available to improve the teaching of CT and provide a state-of-the-art overview of how programming is being taught at schools and universities in Colombia and around the world.
A11: 10 | B11: Web of Science | C11: Zhang, JH; Meng, B; Zou, LC; Zhu, Y; Hwang, GJ | D11: Computational thinking; programming self-efficacy; flowchart; progressive teaching; scaffolding theory | E11: Progressive flowchart development scaffolding to improve university students' computational thinking and programming self-efficacy | F11: 2023 | G11: Interactive Learning Environments | H11: 81 | I11: 10.1080/10494820.2021.1943687 | J11: Zhejiang Normal University; Xiamen University; National Taiwan University of Science & Technology | K11: English | L11: Article | M11: China | N11: As one of the core skills of the 21st century, computational thinking has received increasing attention from educators and researchers. Although some research has been conducted on computational thinking, few studies examined the impact of learning activities on students' computation thinking skills from the perspective of cognitive development. Based on the theory of scaffolding instruction, a progressive thinking training approach with flowcharts was proposed to cultivate students' computational thinking skills. A quasi-experiment was designed to evaluate the effectiveness of the training. Forty-nine Chinese tertiary students undertaking a programming course were randomly assigned into two groups - the experimental and control groups. During the course, the experimental group received progressive training, and the control group received non-progressive training. The results showed that the experimental group gained a significantly higher level of academic achievement than the control group. Meanwhile, the experimental group showed a remarkable improvement in programming self-efficacy. Furthermore, the participants in the experimental group showed a higher level of computational thinking skills, including cooperative learning, critical thinking, and problem solving skills. In summary, the progressive thinking training approach with flowcharts could not only improve the participants' computational thinking skills and programming self-efficacy, but also help them to achieve better academic outcomes.
A12: 11 | B12: Web of Science | C12: Varela, C; Rebollar, C; García, O; Bravo, E; Bilbao, J | D12: Education; Educational development; Evaluation in education; Pedagogy; Teaching research | E12: Skills in computational thinking of engineering students of the first school year | F12: 2019 | G12: Heliyon | H12: 59 | I12: 10.1016/j.heliyon.2019.e02820 | J12: University of Basque Country | K12: English | L12: Article | M12: Spain | N12: In this world of the digital era, in which we are living, one of the fundamental competences that students must acquire is the competence in Computational Thinking (CT). Although there is no general consensus on a formal definition, there is a general understanding of it as a set of skills and attitudes necessary for the resolution, with or without a computer, of problems that may arise in any area of life. Measuring and evaluating which of the CT skills students have acquired is fundamental, and for this purpose, previously validated measuring instruments must be used. In this study, a previously validated instrument is applied to know if the new students in the Engineering Degrees of the University of the Basque Country have the following skills in CT: Critical Thinking, Algorithmic Thinking, Problem Solving, Cooperativity and Creativity.
A13: 12 | B13: Web of Science | C13: Chang, CY; Jen, HJ; Yang, JC | D13: Core competencies; digital game-based learning; experiential learning; higher education; nursing education; professional training | E13: Integrating scenario game-based learning with the experiential learning strategy to facilitate nursing students' learning performance and core competencies in labor support training | F13: 2024 | G13: Interactive Learning Environments | H13: 52 | I13: 10.1080/10494820.2024.2308092 | J13: Taipei Medical University; Taipei Medical University; Shuang Ho Hospital; National Central University | K13: English | L13: Article | M13: Taiwan | N13: Nursing students participating in labor support training need to learn core clinical skills to assess the delivery process to reduce the risk and labor pain of pregnant women. We proposed an approach to integrate scenario game-based learning with the experiential learning strategy to facilitate nursing students' learning performance and six core competencies (6CCs) (communication, collaboration, critical thinking, complex problem solving, creative thinking, and computational thinking) during labor support training. This study adopted a quasi-experimental study with a pretest and posttest design. We randomly allocated 44 first-year nursing students at a university nursing school to an experimental group (adopted scenario game-based learning integrated with the experiential learning strategy) (n = 21) or a control group (adopted video-based learning) (n = 23). Before and after the intervention, all students were assessed for their learning performance and 6CCs in labor support. The results showed that the experimental group exhibited significantly better learning performance and 6CCs than the control group, indicating that the integration of a scenario game-based learning with the experiential learning strategy validated a strong impact on nursing students' labor support training. Nurse scholars should deliberately incorporate appropriate technologies and learning strategies to facilitate nursing education.
A14: 13 | B14: Web of Science | C14: Van Dyne, M; Braun, J | D14: Computational thinking; problem solving; analytical skills; critical thinking; course effectiveness; CS0 | E14: Effectiveness of a Computational Thinking (CS0) Course on Student Analytical Skills | F14: 2014 | G14: Proceedings of the 45th ACM Technical Symposium on Computer Science Education (SIGCSE'14) | H14: 16 | I14: 10.1145/2538862.2538956 | J14: University of Montana System; University of Montana; Montana Technological University | K14: English | L14: Proceedings Paper | M14: United States | N14: In this paper, we describe the content and evaluation of a Computational Thinking (CS0) course developed to improve the analytical problem solving of students participating in the course. The course is targeted to students who are mathematically under-prepared to enter our introductory programming sequence; however, it has recently been included in the University's general education curriculum so that students majoring in any discipline may take the course. Using the Whimbey Analytical Skills Inventory (WASI) students in the CS0 class, along with students in an analogous level engineering class (FESP), were tested at the beginning of the course and again at the end, using different versions of the test. The improvement in scores was statistically significant when measured by both the student t-test and the Cohen d (effect size) for CS0 students but not for the FESP students, providing support that the course does, in fact, increase student analytical problem solving skills. Courses in Computational Thinking have demonstrated success in many schools; however, this research demonstrates its effectiveness in improving analytical skills in majors as well as non-majors.
A15: 14 | B15: Web of Science | C15: Romero, M; Lepage, A; Lille, B | D15: Computational thinking; Problem-solving; Creativity; Assessment | E15: Computational thinking development through creative programming in higher education | F15: 2017 | G15: International Journal of Educational Technology in Higher Education | H15: 45 | I15: 10.1186/s41239-017-0080-z | J15: Universite Cote d'Azur; Laval University | K15: English | L15: Article | M15: France | N15: Creative and problem-solving competencies are part of the so-called twenty-first century skills. The creative use of digital technologies to solve problems is also related to computational thinking as a set of cognitive and metacognitive strategies in which the learner is engaged in an active design and creation process and mobilized computational concepts and methods. At different educational levels, computational thinking can be developed and assessed through solving ill-defined problems. This paper introduces computational thinking in the context of Higher Education creative programming activities. In this study, we engage undergraduate students in a creative programming activity using Scratch. Then, we analyze the computational thinking scores of an automatic analysis tool and the human assessment of the creative programming projects. Results suggested the need for a human assessment of creative programming while pointing the limits of an automated analytical tool, which does not reflect the creative diversity of the Scratch projects and overrates algorithmic complexity.
A16: 15 | B16: Web of Science | C16: Izquierdo-alvarez, V; Pinto-Llorente, AM | D16: computational thinking; programming; algorithmic thinking; pre-service teachers; teacher training; higher education; digital competence; STEM; education for sustainable development; quality education | E16: Exploring Pre-Service Teachers' Perceptions of the Educational Value and Benefits of Computational Thinking and Programming | F16: 2025 | G16: Sustainability | H16: 83 | I16: 10.3390/su17052164 | J16: University of Salamanca | K16: English | L16: Article | M16: Spain | N16: Computational Thinking (CT) and programming encompass a range of skills that are essential in everyday life and play a crucial role in addressing social and environmental challenges. They facilitate the analysis and understanding of global issues, the evaluation of viable solutions, and the formulation of strategic decisions that contribute to Education for Sustainable Development and the achievement of the Sustainable Development Goals. The primary objective of this study was to examine pre-service teachers' perceptions of these areas. A quantitative study was conducted with 134 university students from the Faculty of Education and Tourism at the University of Salamanca. The findings indicate that CT and programming significantly contribute to enhancing digital competence, fostering essential skills for the effective use of technological tools, developing problem-solving strategies, and increasing self-confidence in identifying and refining solutions to complex problems. Regarding gender differences, significant differences were observed, with women scoring higher on average in various aspects. These included the ability to actively seek, compare, and select digital information from diverse sources and contexts, assess the potential risks associated with digital tools-such as security and identity concerns-and demonstrate confidence in accessing the necessary resources and training to integrate CT and programming into education.
A17: 16 | B17: Web of Science | C17: Wang, HH; Wang, CHA | D17: Computational thinking; Learning motivation; Teaching technology; Industrial design; Machine learning; Student self-assessment | E17: Teaching design students machine learning to enhance motivation for learning computational thinking skills | F17: 2024 | G17: Acta Psychologica | H17: 50 | I17: 10.1016/j.actpsy.2024.104619 | J17: National Taipei University of Technology; University of California System; University of California Santa Cruz | K17: English | L17: Article | M17: Taiwan | N17: The integration of computational thinking (CT) to enhance creativity in design students has often been underexplored in design education. While design thinking has traditionally been the cornerstone of university design pedagogy and remains essential, the increasing role of digital tools and artificial intelligence in modern design practices presents new opportunities for innovation. By introducing CT alongside design thinking, students can expand their creative toolkit and engage with emerging technologies more effectively. Although many design students may have limited experience with programming, incorporating accessible, no-code tools can help them confidently embrace computational methods, unlocking new pathways for creative exploration and innovation. This study proposes an alternative approach to improve the motivation of design students by introducing machine learning tools into product design processes. We developed an experimental pedagogy in which 56 industrial design university students learned how to use Waikato Environment for Knowledge Analysis (Weka), a machine learning tool, for three hours of design work a week, for a total of eight weeks. Our covariate analysis of data collected in the pretest and posttest shows that the general learning motivations in the group using Weka are significantly higher than those in the group without Weka. However, no significant differences were found between the two groups in terms of learning strategies, collaboration, or critical thinking. Students using Weka spent more time focusing on model training and tended to improve their algorithmic thinking, and the introduction of Weka appeared to enhance their motivation to learn. On the other hand, these students might have been focusing on working individually at their computers, potentially neglecting communication and collaboration. The findings suggest that teaching machine learning applications without requiring coding has the potential to boost design students' motivation to engage with CT skills, though care must be taken to maintain collaborative practices.
A18: 17 | B18: Web of Science | C18: Oliveira, JDC; Paschoal, CRS; Paschoal, DFD | D18: Computational chemistry; chemistry teaching; Avogadro; digital technologies; meaningful learning | E18: Alternative Methodologies in Chemistry Teaching: The Use of Avogadro Software for Understanding Chemical Properties in Higher Education | F18: 2025 | G18: Revista Virtual de Quimica | H18: 45 | I18: 10.21577/1984-6835.20250011 | J18: Universidade Federal do Rio de Janeiro; Universidade Federal do Rio de Janeiro; Universidade Federal do Rio de Janeiro | K18: English | L18: Article | M18: Brazil | N18: Computational chemistry for educational purposes combined with meaningful learning can contribute to students during the teaching and learning process, helping them with spatial visualization and the development of abstract and critical thinking. This study developed and applied a set of educational activities with the Avogadro program, addressing the contents of molecular structure, molecular geometry, stoichiometry, dipole moment, and polarity, in addition to evaluating the effectiveness of using this tool during the activities. Two classes were held for undergraduate chemistry students, with five activities that addressed various contents that are discussed in the topics worked on. Forms were applied before and after the practices. The students participating in the research, after carrying out the activities, reported that they would like to use computational tools in teaching activities. In addition, through the questionnaires, it was possible to perceive that the use of the Avogadro program allowed many students to overcome their difficulties in the topics covered. Thus, it can be concluded that meaningful learning combined with computational chemistry, aided using the Avogadro program, can generate a deeper knowledge of chemical concepts, facilitating the construction of relationships between theory and practice and promoting more active student engagement during classes.
A19: 18 | B19: Web of Science | C19: Rasmussen, EL; Musaeus, P | D19: curriculum change; curriculum development/evaluation; curriculum innovation; curriculum reform; dental education | E19: Subject matter changes in the dental curriculum: A scoping review of the last two decades | F19: 2024 | G19: Journal of Dental Education | H19: 54 | I19: 10.1002/jdd.13530 | J19: Aarhus University; Aarhus University | K19: English | L19: Review | M19: Denmark | N19: PurposeIn recent years, dental education has witnessed significant advancements and curriculum shifts in response to evolving healthcare needs, technological advances, and changing societal demands. As a result, dental universities worldwide have undergone substantial curriculum changes to ensure the adequate education and training of future dental professionals. The purpose of this study was to delineate the curriculum innovations over the past 20 years, with a focus on content within the current dental curriculum at universities worldwide.MethodThe articles reviewed for this manuscript were published from 2000 to June 2023. Search queries were conducted in four databases: Embase, PubMed, Web of Science, and ERIC, yielding 367 unique studies. Of these, 31 were included in the final synthesis.ResultsThe nine principal subject matter themes identified in the thematic analysis of these articles were critical scientific thinking, computational thinking, global mindset, geriatric dental care, interprofessional teamwork, transition to practice, local community, integration, and lifelong learning. The themes were modeled and mapped in a three-axis figure, elucidating the interconnections between the themes.ConclusionThe identified themes signify the trajectory that dental education has taken and provide insights into the future course of the dental profession.
A20: 19 | B20: Web of Science | C20: Pirzado, FA; Ahmed, A; Hussain, S; Ibarra-Vázquez, G; Terashima-Marin, H | D20: computational thinking; computational thinking scale; engineering and computing education; decomposition; abstraction; pattern recognition; algorithmic design | E20: Assessing Computational Thinking in Engineering and Computer Science Students: A Multi-Method Approach | F20: 2025 | G20: Education Sciences | H20: 108 | I20: 10.3390/educsci15030344 | J20: Tecnologico de Monterrey; China West Normal University | K20: English | L20: Article | M20: Mexico | N20: The rapid integration of computational thinking (CT) into STEM education highlights its importance as a critical skill for problem-solving in the digital age, equipping students with the cognitive tools needed to address complex challenges systematically. This study evaluates CT skills among Engineering and Computer Science students using a multi-method approach by combining quantitative methods (CTT scores and CTS responses) with qualitative methods (thematic analysis of open-ended questions), integrating objective assessments, self-perception scales, and qualitative insights. The Computational Thinking Test (CTT) measures proficiency in core CT sub-competencies, abstraction, decomposition, algorithmic thinking, and pattern recognition through objective tests. The Computational Thinking Scale (CTS) captures students' perceived CT skills. At the same time, open-ended questions elicit perspectives on the practical applications of CT in academic and professional contexts. Data from 196 students across two Mexican universities were analyzed through quantitative and thematic methods. The results show that students excel in pattern recognition and abstraction but face decomposition and algorithmic thinking challenges. Cross-sectional analyses were conducted between CTT, CTS and the open-ended part to compare CT skills across different demographic groups (e.g., age, gender, academic disciplines), showing clear differences based on age, gender, and academic disciplines, with Computer Science students performing better than engineering students. These findings highlight the importance of CT in preparing students for modern challenges and provide a foundation for improving teaching methods and integrating these skills into university programs.
A21: 20 | B21: Web of Science | C21: Cheng, G; Zou, D; Xie, HR; Wang, FL | D21: Introductory programming; Self -regulated learning strategies; Eye tracking; Retrospective think aloud; Higher education | E21: Exploring differences in self-regulated learning strategy use between high- and low-performing students in introductory programming: An analysis of eye-tracking and retrospective think-aloud data from program comprehension | F21: 2024 | G21: Computers & Education | H21: 76 | I21: 10.1016/j.compedu.2023.104948 | J21: Education University of Hong Kong (EdUHK); Lingnan University; Lingnan University; Hong Kong Metropolitan University | K21: English | L21: Article | M21: China | N21: Previous studies have reported mixed results regarding the relationship between students' use of self-regulated learning (SRL) strategies and their performance in introductory programming courses. These studies were constrained by their reliance on self-report questionnaires as a means of collecting and analysing data. To address this limitation, this study aimed to employ eye -tracking and retrospective think-aloud techniques to identify differences in SRL strategy use for program comprehension tasks between high-performing students (N = 31) and low-performing students (N = 31) in an undergraduate programming course. All participants attended individual eye-tracking sessions to comprehend two Python program codes with different constructs. Their eye-tracking data and video-recalled retrospective think-aloud data were captured and recorded for analysis. The findings reveal that higher-order cognitive skills, such as elaboration and critical thinking, were mostly adopted by high-performing students, while basic cognitive and resource management strategy, such as rehearsal and help-seeking, were mostly employed by low-performing students when comprehending the program codes. This study not only demon-strates the design of combining eye-tracking and retrospective think-aloud data to explore students' use of SRL strategies but also provides evidence to support the notion that program comprehension is a complex process that cannot be effectively addressed by employing merely rudimentary strategies, such as repetitively reading the same code segment. In the future, researchers could explore the possibility of using a webcam to monitor and assess students' online programming processes and provide feedback based on their eye movements. They could also examine the effects of SRL strategies training on students' motivation, engagement, and performance in various types of programming activities.
... A43: 42 | B43: Web of Science | C43: Marciuc, D; Csereoka, P | D43: Multi-touch Technologies; Integrated Curriculum; Mathematical Modelling; Physics Education | E43: USING MULTI-TOUCH TECHNOLOGIES FOR DEVELOPING SCIENTIFIC AND MATHEMATICAL COMPETENCIES | F43: 2014 | G43: Let's Build the Future Through Learning Innovation!, Vol. 2 | H43: 9 | I43: 10.12753/2066-026X-14-103 | J43: University of Bucharest; Universitatea Politehnica Timisoara | K43: English | L43: Proceedings Paper | M43: Romania | N43: Developing of cognitive competencies in scientific, mathematical and technological fields is one of the most important goals for educational systems across the world. In this paper, we present a way in which new computational technologies can support learning in some interdisciplinary lessons at the upper secondary level. We will refer to a new kind of classrooms equipped with multi-touch technology, available in eight schools in Romania, thanks to a project implemented by the Project Management Unit with Foreign Finance-Education Ministry in partnership with SIVECO ROMANIA and Carol I National Defence University. This new technology allows an integrated approach, is suitable for studies of complex issues and fosters collaborative activities. We want to present one of the ways in which the multi-touch laboratory of the National College Mihai Eminescu Satu Mare is used for teaching and learning in scientific field. We refer to the manner in which the uses of computer simulations improve the understanding of scientific concepts. During the engagement with the model, there is an interaction between students' current understanding and the computational models they use, facilitated by the visualization of different states that the system can have. Students can modifir variables of the model, question and test hypotheses. In a constructivist learning approach the students create their own models and simulations in order to express their conceptions on how a given scientific process works. By working in team, students learn both from the teacher and from the other students. The assessment is formative and takes into account not only students 'products, but the entire process. This interdisciplinary approach aims developing computational and analytical thinking, as well as the development of the capacity of investigation and working in a team.
A44: 43 | B44: Web of Science | C44: McMullin, B | E44: The Overshoot Curriculum: Artificial Life, Education and the Human Predicament | F44: 2015 | G44: ECAL 2015: The Thirteenth European Conference on Artificial Life | H44: 6 | I44: 10.7551/978-0-262-33027-5-ch073 | J44: Dublin City University | K44: English | L44: Proceedings Paper | M44: Ireland | N44: It is well established in the scientific literature that global human civilization is in serious ecological trouble. The most comprehensive survey is perhaps that of the Planetary Boundaries framework (Rockstrom et al., 2009). The unfolding of these challenges will, of course, be a very complex process; and some detailed impacts are certainly still open to significant human management and moderation. Nonetheless, it seems clear that we are no longer dealing with a problem, or even set of problems, that might be solved; rather, this is a predicament - an uncertain, dynamic, and at least partially chaotic, disruption in global human development (Gilding, 2012). A predicament calls not for solution, but for engagement, and continuous, long term, refinement of response. The purpose of this contribution is to propose a particular educational (curricular and pedagogic) response: one that specifically draws on the tools, techniques and understandings of the field of Artificial Life. In recent decades, the mission of university education, at least in public universities, has become progressively identified simply with the direct support of economic development in its sponsoring regional community. That is, its primary role is to provide graduates with just the knowledge and skills most immediately aligned with the preceived needs of the regional economy. There is a perfectly clear logic and rationale to this development; but in a world faced with global ecological disruption, within the lifetimes of current students, this is neither an honest nor even an effective preparation for the challenges which they will face. Moreover, given that even limited moderation of the impending impacts of ecological limits will rely on the widest societal understanding and deeply informed and engaged leadership at all levels, it is arguable that universities have an immediate, and potentially decisive role to play in communicating the realities of the current global ecological situation. And so, to Artificial Life; or more precisely, to Artificial Ecology. The use of computational tools to model complex biological, evolutionary, ecological and social dynamics is a foundational technique in the ALife field. Indeed, computational thinking and modelling was at the heart of the systems dynamics approach to socio-ecological modelling pioneered by Forrester (1982). This provided the basis for the famous (or infamous?) Limits to Growth (LTG) project of the Club of Rome (Meadows et al., 1972). This was the first substantive attempt to computationally model the socio-ecological dynamics of global human society and assess whether ecological impacts would be likely to limit the growth of human material activities within any practically foreseeable time-frame. While the model was necessarily crude, the robust result was that - in the absence of effective control measures to the contrary - serious limits would become apparent within the first half of the 21st century. In the 40 years since, the world has tracked remarkably close to the standard run of the LTG study (Turner, 2014). In fact, multiple lines of investigation now strongly suggest not just that aggregate human activity is approaching ecological limits, but that it has already reached a state of significant overshoot beyond those limits. Overshoot is a qualitatively distinct regime for the design and operation of any adaptive or mitigating interventions (Catton, 1982). Effective societal responses to date have been significantly impaired by a lack of wide understanding of this harsh ecological reality. This gap in understanding facilitates the comforting - but erroneous - notion that it is prudent to delay difficult responses until after impacts are manifest. But delay is precisely one of the principle mechanisms that actually causes overshoot, and undermines the capability to damp the subsequent crash. Accordingly, it is suggested that there is now a clear need to develop what is here termed an overshoot curriculum, and to integrate this with formation of graduates in all disciplines. Further, a key pedagogical technique in delivering such a curriculum will be the systematic use of computational model ecologies. The Alife community is therefore uniquely positioned to contribute to this radical reform of higher education to meet what are, without exaggeration, the most profound challenges in the history of human civilization.
A45: 44 | B45: Web of Science | C45: Somerlik-Fuchs, KH; Christ, O; Duempelmann, M; Hofmann, UG; Stieglitz, T; Schulze-Bonhage, A | D45: epilepsy therapy; seizure detection; seizure prediction; stimulation paradigms; kainate model | E45: Development of a Closed Loop Stimulation System for Epilepsy Therapy | F45: 2015 | G45: 6th European Conference of the International Federation for Medical and Biological Engineering | H45: 21 | I45: 10.1007/978-3-319-11128-5_127 | J45: University of Freiburg; University of Freiburg; University of Freiburg; University of Freiburg | K45: English | L45: Proceedings Paper | M45: Germany | N45: University of Freiburg's Cluster of Excellence BrainLinks-BrainTools aims to develop smart devices to interface with the brain. Among these, closed-loop stimulation devices promise new chances for patients suffering from pharmacoresistant epilepsy, assuming that effective stimulation parameters can be found. As the mechanisms of electrical brain stimulations are complex and poorly understood, animal experiments are needed to obtain insight into optimal parameter settings. Besides these, the loop can only be closed by reliable seizure detection and prediction algorithms with high performance and at the same time low computational complexity. We present our results in this respect, based on the widely accepted kainate model, thought to resemble human temporal lobe epilepsy. More than 400 seizures could be recorded in more than 2500 h of synchronized video-EEG-acquisition. Video- and EEG-based detection algorithms were programmed and seizure prediction methods tested. Those with the best performance in regard to reliability, celerity and power consumption will be used in a closed-loop setup. This is a first step to evaluate closed-loop stimulation approaches and therewith widening possibilities for future clinical applications.
A46: 45 | B46: Web of Science | C46: Bubnic, B; Mernik, M; Kosar, T | D46: computational thinking; introductory programming; predictors of performance; problem-solving; structural equation modeling | E46: Exploring the Predictive Potential of Complex Problem-Solving in Computing Education: A Case Study in the Introductory Programming Course | F46: 2024 | G46: Mathematics | H46: 135 | I46: 10.3390/math12111655 | J46: University of Maribor | K46: English | L46: Article | M46: Slovenia | N46: Programming is acknowledged widely as a cornerstone skill in Computer Science education. Despite significant efforts to refine teaching methodologies, a segment of students is still at risk of failing programming courses. It is crucial to identify potentially struggling students at risk of underperforming or academic failure. This study explores the predictive potential of students' problem-solving skills through dynamic, domain-independent, complex problem-solving assessment. To evaluate the predictive potential of complex problem-solving empirically, a case study with 122 participants was conducted in the undergraduate Introductory Programming Course at the University of Maribor, Slovenia. A latent variable approach was employed to examine the associations. The study results showed that complex problem-solving has a strong positive effect on performance in Introductory Programming Courses. According to the results of structural equation modeling, 64% of the variance in programming performance is explained by complex problem-solving ability. Our findings indicate that complex problem-solving performance could serve as a significant, cognitive, dynamic predictor, applicable to the Introductory Programming Course. Moreover, we present evidence that the demonstrated approach could also be used to predict success in the broader computing education community, including K-12, and the wider education landscape. Apart from predictive potential, our results suggest that valid and reliable instruments for assessing complex problem-solving could also be used for assessing general-purpose, domain-independent problem-solving skills in computing education. Likewise, the results confirmed the positive effect of previous programming experience on programming performance. On the other hand, there was no significant direct effect of performance in High School mathematics on Introductory Programming.
A47: 46 | B47: Web of Science | C47: Ortiz, LG; Bekerman, Z; Ros, MZ | D47: ChatGPT; Generative AI; education; artificial intelligence; instructional design; assessment | E47: Presentation of the special issue Generative AI, ChatGPT and Education. Consequences for Intelligent Learning and Educational Evaluation | F47: 2024 | G47: RED-Revista De Educacion a Distancia | H47: 25 | I47: 10.6018/red.609801 | J47: UOC Universitat Oberta de Catalunya; Hebrew University of Jerusalem; University of Murcia | K47: English | L47: Article | M47: Spain | N47: In July 2023, given the rise of LLMs (Large Langauge Models), RED convened this special issue on Generative AI and Education, where special attention was paid to its consequences for intelligent learning and educational evaluation. We wanted to give space to contributions that included research related to these topics. Also to experiences about intelligent learning and formative evaluation in ChatGPT contexts. The call was with these general questions center dot Does AI have the potential to revolutionize existing teaching methods, assessment and student support? center dot Creative thinking and problem solving are essential in modern and very complex environments. Could this AI help students deal with these problems? We also had doubts about its benefits. They could be summarized in this question: Generative AI will begin to serve as an active partner in social, creative and intellectual actions continuously over time, and not only as an answer to isolated questions: What are the impacts that will occur? Now those impacts are unknown in the practices that may exist. Another intention was: A theoretical framework is needed to address these questions and in general for an effective deployment of AI systems in education. It is necessary to do so beyond the results provided by empirical research. And that it does not guide and direct at new crossroads, both in research and practice. In the conclusions we see to what extent these expectations have been met. As a consequence, we deduce that the critical importance of theory in the design, development and deployment of AI in education is necessary now more than ever. But we are equally underserved. In this perspective, we continue to critically consider the relevance and continuity of existing learning theories when AI becomes a reality in classrooms. As that result is not met, we also reiterate the call to consider new frameworks, models and ways of thinking. We are referring to those that include the presence of non -human agents, which we hesitate to call a new technology, because it is more like an active partner than a simple technology, as has happened until now. This approach is precisely what makes us insist on a series of important questions for the future, precisely about the review of learning theories based on existing configurations. And to investigate what their alternatives would be in this case. We have done after extensive and exhaustive dissemination in your call. But, despite this and beyond these general conclusions that we have made, the special issue offers us evidence of a scarce empirical investigation of practical cases in the application of generative AI in education. However, of the hundred or so contributions received, seven have been selected in the previous editorial review. The rest have been discarded because they do not conform to the standards or are not the type of contributions requested (the literature reviews per se and the self-report studies stand out among them, due to their high number). Of those seven, six have passed editorial review. They are described at the end. The main contributions of this small number of contributions have been the confirmation of a low level of research and practice. Also, some very interesting contributions from the articles and essays by the invited authors. We draw your attention to these articles and the clear results and evidence obtained on the concrete use of generative AI in specific environments. Results of inevitable use by schools, universities and teachers in these environments or in others to which they can be transferred.
A48: 47 | B48: Web of Science | C48: Agarwal, J; Piatt, E; Imbrie, PK | D48: genetic algorithm; multi-criteria optimization; team formation | E48: Team formation in engineering classrooms using multi-criteria optimization with genetic algorithms | F48: 2022 | G48: 2022 IEEE Frontiers in Education Conference, FIE | H48: 12 | I48: 10.1109/FIE56618.2022.9962741 | J48: University System of Ohio; University of Cincinnati; University System of Ohio; University of Cincinnati | K48: English | L48: Proceedings Paper | M48: United States | N48: The research-to-practice paper presents applications of genetic algorithms using multi-criterion optimization to designate student-teams in an academic setting. Teamwork skills are becoming a more desirable trait in industry today and hence more instructors are using teamwork in their engineering courses. ABET also requires engineering degree programs to have student outcomes that provide them with an ability to function effectively on a team whose members together provide leadership, create a collaborative and inclusive environment, establish goals, plan tasks, and meet objectives. This, however, comes with its challenges because the literature suggests that random or student-selected teams tend to lead to dysfunctional behaviors. Instructor-designated academic teams based on skills, learning personalities, and demographics are known to be more effective in promoting learning and positive interactions. Creating optimal homogeneous or heterogeneous teams based on multiple criteria (e.g., prior knowledge, skills, abilities, psychosocial, demographics) can be a complex and time-consuming task when done manually, especially when large numbers of students are involved. This study presents an expansion of previous work that used single-criterion genetic algorithm optimization of teams in a first-year classroom. The research question answered in this study is, how do teams formed using an algorithm that optimizes multiple criteria with genetic algorithms represent heterogeneity when compared to teams formed manually? Using a Vector Evaluated Genetic Algorithm (VEGA), optimization of multiple skills is conducted to attain uniform heterogeneity in the classroom. The algorithm uses discrete integer-type representations as a basic unit of team configuration. Self-reported student competency data on three different computational skills were used. Teams were formed for approximately 1300 students enrolled in a first-year engineering design thinking course at a large Midwestern University. Four-member teams were maximized with a minimum number of teams with 3 students in each section. Average skills of the teams are calculated and the standard deviation in class is minimized for each of three skills parallelly. The algorithm also aims to maintain diversity of teams based on gender and ethnicity. Results presented include visualization of team-configurations and comparison with teams formed manually using the same criteria. The aim of the algorithm is to optimize students into teams that have skills and demographics uniformly distributed across the classroom. Future implications of this study include the potential to use flexible algorithm-based team formations that are built with standard genetic operators so that optimization criteria can be modified by the instructor. Such algorithms can reduce the time needed to manually form teams by a considerable amount and optimize the distribution of skills more uniformly. Steps to further this study will involve investigating whether teams formed using these criteria are more effective.
A49: 48 | B49: Web of Science | C49: PARK,, SANGTAE | D49: CreativityProblem-solving skillsComputational thinkingCritical thinkingIntegrated education | E49: Computational Thinking and Critical Thinking | F49: 2024 | G49: Journal of Engineering Education Research | H49: 0 | I49: 10.18108/jeer.2024.27.6.59 | J49: NorthShore Univ Hlth Syst, Dept Gen Surg, Sect Urol, Evanston, IL USA | K49: Korean | L49: research-article | M49: United States | N49: This paper aims to compare and contrast the definitions, components, and problem-solving procedures of computational thinking and critical thinking from a complementary perspective as an educational approach to foster creativity and problem-solving skills required by the Fourth Industrial Revolution. Computational thinking is the ability to understand problems in real life and various academic fields and to creatively implement and apply solutions by utilizing the basic concepts and principles of computer science and computing systems. This study aims to analyze and evaluate its components and problem solving procedures through critical thinking, which is currently being taught in the liberal arts curriculum of universities to foster creative problem-solving skills, as computational thinking is emerging as an important educational tool to promote creative problem-solving skills. To this end, the elements that constitute computational thinking are compared with the elements and properties of critical thinking, and whether the two thinking methods can play a complementary role in the creative problem-solving process. As a result, the integrated approach of computational thinking and critical thinking is effective in fostering learners' ability to think more flexibly and systematically in complex and multi-layered problem situations, and it is suggested that education that combines the two ways of thinking can be an important educational means for fostering future talents.
A50: 49 | B50: Web of Science | C50: Nurtjahyani, S. D.; Pratiwi, L. D.; Sukisno | E50: Analysis of critical thinking skills in microbiology learning through mini project assignments during the Covid-19 pandemic | F50: 2021 | G50: International Conference on Mathematics and Science Education (Icmsce) 2020 | H50: 0 | I50: 10.1088/1742-6596/1806/1/012130 | J50: niv PGRI Ronggolawe, Progam Studi Pendidikan Biol, Jl Manunggal 61, Tuban 62318, Indonesia; Univ PGRI Ronggolawe, Progam Studi Pendidikan PPKn, Jl Manunggal 61, Tuban 62318, Indonesia | K50: English | L50: Proceedings Paper | M50: Indonesia | N50: Covid-19 pandemic has colored a new order of learning in Higher Education, from conventional learning towards online and offline learning. Learning in Higher Education is expected to improve students' critical thinking skills. Learning microbiology that the material is learned about microorganisms so it needs analysis of thinking skills, so with a contextual-based approach. The assignment of a mini research project as an alternative to improve critical thinking skills. The purpose of this study was to analyze the critical thinking skills of students giving mini research project assignments on microbiology learning during the Covid-19 pandemic. The method in this study was descriptive qualitative. The results showed students' critical thinking skills in the ability to identify and the ability to evaluate very well a number of 11 students (100%) got a score of 4 (the highest score) while the ability to link a number of 9 (81.82%). Conclusions in the research assignment of mini research projects could improve critical thinking in the ability to identify and evaluate problems in the category is very good.
A51: 50 | B51: Web of Science | C51: Gonzalez-Hernandez, Hugo G.; Medina-Pozos, Jose M.; Cantu-Gonzalez, Valeria; Amozurrutia-Elizalde, Adriana; Flores-Amado, A.; Mora-Salinas, Roberto J. | D51: Critical thinkingEEGBrain-computer interfaceEducational innovationCompetency evaluationHigher education | E51: Looking for experimental evidence of critical thinking through EEG | F51: 2021 | G51: International Journal of Interactive Design and Manufacturing - IJIDEM | H51: 4 | I51: 10.1007/s12008-021-00761-5 | J51: Tecnológico de Monterrey, Escuela Ingn & Ciencias, Ave Eugenio Garza Sada 2501, Monterrey, NL, Mexico; Tecnológico de Monterrey, TecLabs Vicerrectoria Invest & Transferencia Tecn, Writing Lab, Ave Eugenio Garza Sada 2501, Monterrey, NL, Mexico; Tecnológico de Monterrey, Liderazgo Formac Estudiantil LiFE, Ave Eugenio Garza Sada 2501, Monterrey, NL, Mexico | K51: English | L51: Article | M51: Mexico | N51: The Global Agenda for the World Economic Forum in 2016 included a topic on the Fourth Industrial Revolution. It is characterized by the integration of massive digital information through the interconnection of machines and processes in order to make decisions in real-time. The Fourth Industrial Revolution is having and will have a great impact on different aspects, such as business, governments, and people. The impact on education is our main concern in this work because global challenges are leading us to prepare our students for jobs that have yet to be invented. For this purpose, several competencies are required to be developed in our students. One of them is critical thinking (CT). The development of this competency has been present in the educational agenda of many countries. In this paper, we proposed that CT as a construct can be measured using brainwaves from a portable electroencephalograph (EEG) during a problem-based learning (PBL) exercise. In this work, a method was designed to acquire, process, and analyze EEG brain waves in order to identify CT occurrence. Some results are shown from these analyses, and a discussion is provided about significant differences within the critical thinking of undergraduate students taking a course in Integral Calculus.
A52: 51 | B52: Web of Science | C52: Gonzalez-Hernandez, Hugo G.; Pena-Cortes, Dafne, V; Flores-Amado, A.; Amozurrutia-Elizalde, Adriana; Mora-Salinas, Roberto J. | D52: Math-AnxietyMindfulnessEEGChaotic DescriptorsCritical ThinkingHigher EducationEducational Innovation | E52: Decreasing exam-anxiety levels with Mindfulness through EEG measurements | F52: 2022 | G52: Proceedings of the 2022 IEEE Global Engineering Education Conference (EDUCON 2022) | H52: 3 | I52: 10.1109/EDUCON52537.2022.9766539 | J52: Tecnológico de Monterrey, Sch Engn & Sci, Monterrey, NL, Mexico; Tecnológico de Monterrey, Liderazgo Formac Estudiant LiFE, Monterrey, NL, Mexico | K52: English | L52: Proceedings Paper | M52: Mexico | N52: The main purpose of this research is to decrease the anxiety levels of undergraduate engineering students during a Mathematics exam; those anxiety levels are intended to be decreased through a five-week Mindfulness program. We propose a quantitative measurement of anxiety levels using EEG signals from a portable device, those raw signals are processed using chaotic descriptors. Levels of anxiety are measured before and after a Mindfulness program before solving a couple of online Advanced Mathematics (complex variable) exams. Critical thinking skills are also measured from EEG before and after the Mindfulness program during a Problem-Based Learning assessment. Results show a decrease in anxiety levels and an increment in critical thinking skills.
A53: 52 | B53: Web of Science | C53: Alharbi, Hanan F.; Alsubaie, Amjad; Gharawi, Rahaf; Mazroo, Rawan Ba; Alajaleen, Shaikhah; Alsultan, Munerah; Alsaleem, Munira; Alsubihi, Nora; Alsahli, Norah; Alqahtani, Nashwa; Rayzah, Raghad | D53: Critical thinkingVirtual simulationSelf-directed learningRelationshipNursing students | E53: The relationship between virtual simulation, critical thinking, and self-directed learning abilities of nursing students in Riyadh, Saudi Arabia | F53: 2024 | G53: PEERJ | H53: 1 | I53: 10.7717/peerj.18150 | J53: Princess Nourah Bint Abdulrahman Univ, Coll Nursing, Matern & Pediat Nursing Dept, Riyadh, Saudi Arabia; Princess Nourah Bint Abdulrahman Univ, Coll Nursing, Riyadh, Saudi Arabia | K53: English | L53: Article | M53: Saudi Arabia | N53: Objective. . The use of virtual simulation in nursing education is an effective approach for improving nursing critical thinking and self-learning abilities, but the previous studies were limited to providing the required evidence that supports the association. This study aimed to assess the relationship between virtual simulation and critical thinking disposition and self-directed learning abilities among nursing students. Methods. . This is a descriptive correlational, non-experimental study. It was conducted among 201 third- and fourth-year nursing students at the Academic Institution, Saudi Arabia. A non-probability convenience sampling technique was used to select the participants; then, an online, adapted questionnaire was sent to the participants, the data from which was analyzed by SPSS. Results. . The study findings showed that virtual simulation benefited nursing students. Most participants (56%) agreed that it helped them to think critically, and approxi- mately 27% strongly agreed. It also enhanced their self-directed learning abilities, and the majority of the students agreed that they often review the way nursing practice is conducted. Furthermore, the results showed a significant, positive relationship between virtual simulation and the critical thinking disposition of nursing students (p p-value = 0.03; correlation coefficient = 0.65), a strong positive relationship with self-directed learning abilities of nursing students (p p-value = 0.004; correlation coefficient = 0.78), and a strong positive relationship between critical thinking disposition with self- directed learning abilities of nursing students (p p-value = 0.01; correlation coefficient = 0.72). Conclusion. . There are significant relationships between virtual simulation and the critical thinking disposition and self-directed learning abilities of nursing students. Furthermore, virtual simulation made the students practice critical thinking and self- learning, so, they simulate events and try to seek out and solve the problems.
A54: 53 | B54: Web of Science | C54: Gahl, Megan K.; Gale, Allison; Kaestner, Antonia; Yoshina, Anda; Paglione, Erin; Bergman, Gal | D54: active learningcase studycourse designeducationonline learningpedagogy | E54: Perspectives on facilitating dynamic ecology courses online using active learning | F54: 2021 | G54: Ecology and Evolution | H54: 6 | I54: 10.1002/ece3.6953 | J54: KGI, Coll Nat Sci, Minerva Sch, 1145 Market St, San Francisco, CA 94103 USA; Minerva Project, San Francisco, CA USA; KGI, Minerva Sch, Coll Social Sci, San Francisco, CA USA; KGI, Minerva Sch, Coll Arts & Humanities, San Francisco, CA USA | K54: English | L54: Article | M54: United States | N54: As education methodology has grown to incorporate online learning, disciplines with a field component, like ecology, may find themselves sidelined in this transition. In response to challenges posed by moving classes online, previous studies have assessed whether an online environment can be effective for student learning. This work has found that active learning structures, which maximize information processing and require critical thinking, best support student learning. All too commonly, online and active learning are perceived as mutually exclusive. We argue the success of online learning requires facilitating active learning in online spaces. To highlight this intersection in practice, we use a case study of an online, active, and synchronous ecology and conservation biology course from the College of Natural Sciences at Minerva Schools at KGI. We use our perspectives as curriculum designers, instructors, and students of this course to offer recommendations for creating active online ecology courses. Key components to effective course design and implementation are as follows: facilitating critical thinking like a scientist, integrating open-ended assignments into class discussion, and creating active in-class dialogues by minimizing lecturing. Based on our experience, we suggest that by employing active learning strategies, the future of ecology in higher education is not inhibited, but in fact supported, by opportunities for learning online.
A55: 54 | B55: Web of Science | C55: Xu, XiaoShu; Wang, XiBing; Zhang, YunFeng; Zheng, Rong | E55: Applying ChatGPT to tackle the side effects of personal learning environments from learner and learning perspective: An interview of experts in higher education | F55: 2024 | G55: Plos One | H55: 16 | I55: 10.1371/journal.pone.0295646 | J55: enzhou Univ, Sch Foreign Studies, Wenzhou, Zhejiang, Peoples R China; Yunnan Vocat Coll Mech & Elect Technol, Sch Informat Engn, Kunming, Yunnan, Peoples R China; Macao Polytech Univ, Ctr Portuguese Studies, Taipa, Macau, Peoples R China; Baoshan Univ, Sch Educ, Baoshan, Yunnan, Peoples R China; Stamford Int Univ, Grad Sch, Bangkok, Thailand | K55: English | L55: Article | M55: China | N55: This paper investigates the capacity of ChatGPT, an advanced language model created by OpenAI, to mitigate the side effects encountered by learners in Personal Learning Environments (PLEs) within higher education. A series of semi-structured interviews were conducted with six professors and three Information and Communication Technology (ICT) experts. Employing thematic analysis, the interview data were assessed, revealing that the side effects stemming from the learner and learning perspectives could be primarily categorized into cognitive, non-cognitive, and metacognitive challenges. The findings of the thematic analysis indicate that, from a cognitive standpoint, ChatGPT can generate relevant and trustworthy information, furnish personalized learning resources, and facilitate interdisciplinary learning to fully actualize learners' potential. Moreover, ChatGPT can aid learners in cultivating non-cognitive skills, including motivation, perseverance, self-regulation, and self-efficacy, as well as metacognitive abilities such as self-determination, self-efficacy, and self-regulation, by providing tailored feedback, fostering creativity, and stimulating critical thinking activities. This study offers valuable insights for integrating artificial intelligence technologies to unleash the full potential of PLEs in higher education.
A56: 55 | B56: Web of Science | C56: Mitra, Arindam | D56: STEM educationdemocratic STEM pedagogyproctored examshigher-order thinking skillsonline assessmentassessment integrity | E56: Redesign of online proctored exams for STEM learners in higher education institutions: proposal for incorporating higher-order thinking skills and democratic pedagogy via OPERHOT platform | F56: 2023 | G56: Fems Microbiology Letters | H56: 2 | I56: 10.1093/femsle/fnad074 | J56: Adamas Univ, Dept Biol Sci, Sch Life Sci & Biotechnol, Kolkata 700126, India; Adamas Univ, Sch Life Sci & Biotechnol, Dept Biol Sci, Barasat Barrackpore Rd, PO Jagannathpur, Kolkata 700126, W Bengal, India | K56: English | L56: Article | M56: India | N56: In response to the challenges presented by the COVID-19 pandemic, this paper proposes an exam system for STEM students that effectively test higher-order thinking skills, such as the ability to apply, create, evaluate, and analyse. Higher education institutions (HEIs) must incorporate all three strands of democratic STEM pedagogy, namely student voice, shared and transformational authority, and STEM criticality, according to empathy interviews with educators. It is imperative that these strands are reflected in the assessments of students within HEIs. During the pandemic, it became evident that the lack of a suitable proctored online examination system impeded the accurate and fair evaluation of students. This circumstance was in stark contrast to the offline mode of examination, which permitted monitoring and control. Notably, many students struggled to answer questions requiring higher-order thinking, with responses frequently identical in unproctored online examinations or settings with insufficient proctoring mechanisms, especially in contexts with limited resources. Consequently, there is an urgent need to redesign the online proctored test system in accordance with STEM criticality and student voice. To address this need, this paper proposes the creation of OPERHOT, a proctored online exam system integrated with random questions requiring higher-order thinking. This system employs a timed assessment methodology and requires students to keep their cameras on throughout the examination. By implementing OPERHOT, a proper and secure online evaluation of students can be made possible. In addition, this system will strengthen the online education and assessment systems in HEIs, thereby promoting integrity and enhancing the learning experience. In addition, the adoption of OPERHOT will also improve the assessment process and contribute to the enhancement of online education and assessment in HEIs as a whole. This reimagined system will catalyse the development of a robust and inclusive learning environment that encourages students' voices and equips educators to foster the growth of critical thinking and problem-solving skills. This perspective aims to address the pressing need for an updated and effective proctored assessment system in the online educational landscape while promoting STEM critical thinking and student voice. The OPERHOT platform is at the ideation stage, and once developed, it may be tested in a few HEIs. Based on the feedback from educators and other stakeholders, it can be further modified to make it more inclusive and accessible and can be offered to other HEIs for wider piloting.An online proctored examination system with integrated higher-order thinking skills questions for STEM students is proposed in this perspective.
A57: 56 | B57: Web of Science | C57: Li, Xiaotong; Cen, Zhaofeng; Liu, Xiangdong; Zheng, Zhenrong | D57: Optics educationgeometrical opticsapplied opticsO2O teachingdiscussiongroup work | E57: Discussion and group work design in O2O teaching of applied optics: questions, strategies and extending | F57: 2017 | G57: 14th Conference on Education and Training in Optics and Photonics (ETOP 2017) | H57: 0 | I57: 10.1117/12.2265953 | J57: Zhejiang Univ, Coll Opt Sci & Engn, State Key Lab Modern Opt Instrumentat, Hangzhou 310027, Zhejiang, Peoples R China | K57: English | L57: Proceedings Paper | M57: China | N57: Applied optics course in Zhejiang University is a National Excellent Resource Sharing Course in China, and the online to offline teaching strategies have been implemented and shared with dozens of universities and colleges in China. Discussion is an important activity in teaching. In this paper our main consideration is designing the discussion questions and group works so as to develop the students' critical thinking, cooperative and sharing spirits, and communication abilities in the cosmopolitan era. Typical questions that connect different chapters and help the students to understand the relationship between each sub-system in both field of view and aperture are given for discussion. We inspire the students to complete group works such as ray trace programming by cooperation and then make presentations. All of these create a circumstance for sharing thoughts and developing intelligence and knowledge. A poll shows that the students pay more attention to optical design than before and have made progress in conversation and cooperation.
A58: 57 | B58: Web of Science | C58: Justino, Goncalo C.; Nascimento, Catarina P.; Justino, Marta C. | D58: computational biologycomputers in research and teachinggenomics proteomics bioinformaticslaboratory exercisesmolecular dynamics | E58: Molecular dynamics simulations and analysis for bioinformatics undergraduate students | F58: 2021 | G58: Biochemistry and Molecular Biology Education | H58: 23 | I58: 10.1002/bmb.21512 | J58: Univ Lisbon, Ctr Quim Estrutural, Inst Super Tecn, Av Rovisco Pais 1, P-1049001 Lisbon, Portugal; Inst Politecn Setubal, Escola Super Tecnol Barreiro, Lavradio, Portugal; Inst Politecn Setubal, Ctr Interdisciplinar Ciencias Quim & Biol, Lavradio, Portugal | K58: English | L58: Article | M58: Portugal | N58: A computational biochemistry laboratory, fitted for bioinformatics students, is presented. The molecular dynamics package GROMACS is used to prepare and simulate a solvated protein. Students analyze the trajectory with different available tools (GROMACS and VMD) to probe the structural stability of the protein during the simulation. Students are also required to make use of Python libraries and write their own code to probe non-covalent interactions between the amino acid side chains. Based on these results, students characterize the system in a qualitatively approach but also assess the importance of each specific interaction through time. This work mobilizes biochemical concepts and programming skills, fostering critical thinking and group work and developing presenting skills.
A59: 58 | B59: Web of Science | C59: Francis, Nigel J.; Jones, Sue; Smith, David P. | D59: generative artificial intelligence (GenAI)personalised learningassessment practicesacademic integrityethical frameworks | E59: Generative AI in Higher Education: Balancing Innovation and Integrity | F59: 2025 | G59: British Journal of Biomedical Science | H59: 1 | I59: 10.3389/bjbs.2024.14048 | J59: ardiff Univ, Sch Biosci, Cardiff, Wales; nst Biomed Sci IBMS, Educ, London, England; Sheffield Hallam Univ, Dept Biosci & Chem, Sheffield, England | K59: English | L59: Review | M59: United Kingdom | N59: Generative Artificial Intelligence (GenAI) is rapidly transforming the landscape of higher education, offering novel opportunities for personalised learning and innovative assessment methods. This paper explores the dual-edged nature of GenAI's integration into educational practices, focusing on both its potential to enhance student engagement and learning outcomes and the significant challenges it poses to academic integrity and equity. Through a comprehensive review of current literature, we examine the implications of GenAI on assessment practices, highlighting the need for robust ethical frameworks to guide its use. Our analysis is framed within pedagogical theories, including social constructivism and competency-based learning, highlighting the importance of balancing human expertise and AI capabilities. We also address broader ethical concerns associated with GenAI, such as the risks of bias, the digital divide, and the environmental impact of AI technologies. This paper argues that while GenAI can provide substantial benefits in terms of automation and efficiency, its integration must be managed with care to avoid undermining the authenticity of student work and exacerbating existing inequalities. Finally, we propose a set of recommendations for educational institutions, including developing GenAI literacy programmes, revising assessment designs to incorporate critical thinking and creativity, and establishing transparent policies that ensure fairness and accountability in GenAI use. By fostering a responsible approach to GenAI, higher education can harness its potential while safeguarding the core values of academic integrity and inclusive education.
A60: 59 | B60: Web of Science | C60: Tsopra, Rosy; Peiffer-Smadja, Nathan; Charlier, Caroline; Campeotto, Florence; Lemogne, Cedric; Ruszniewski, Philippe; Vivien, Benoit; Burgun, Anita | D60: Digital healthArtificial IntelligenceClinical Decision Support SystemTeachingEducationMedical Student | E60: Putting undergraduate medical students in AI-CDSS designers? shoes: An innovative teaching method to develop digital health critical thinking | F60: 2023 | G60: International Journal of Medical Informatics | H60: 10 | I60: 10.1016/j.ijmedinf.2022.104980 | J60: Univ Paris Cite, Digital Hlth Program, UFR Med, Paris, France; Sorbonne Univ, Univ Paris Cite, Ctr Rech Cordeliers, Inserm, F-75006 Paris, France; PariSante Campus Paris, Inria, HeKA, Paris, France; Hop Europeen Georges Pompidou, AP HP, Dept Med Informat, F-75015 Paris, France; niv Paris Cite, UFR Medecine, Paris, France; Univ Paris Cite, INSERM, IAME, F-75018 Paris, France; Bichat Claude Bernard Hosp, AP HP, Infect Dis Dept, F-75018 Paris, France; Cochin Univ Hosp, AP HP, Div Infect Dis & Trop Med, Paris, France; WHO Collaborating Ctr Listeria, Inst Pasteur, Natl Reference Ctr, Paris, France; Inst Pasteur, Biol Infect Unit, Inserm U1117, Paris, France; Hop Necker Enfants Malad, AP HP, Regulat Reg Pediat, SAMU Paris, Paris, France; Hop Necker Enfants Malad, AP HP, Gastro enterol Pediat, Paris, France; Univ Paris Cite, Fac Pharm, Inserm UMR S1139, Paris, France; Univ Paris Cite, Inst Psychiat & Neurosci Paris, INSERM U1266, F-75014 Paris, France; Univ Paris Cite, Inst Psychiat & Neurosci Paris, INSERM U1266, F-75014 Paris, France; Univ Paris Cite, Inst Psychiat & Neurosci Paris, INSERM U1266, F-75014 Paris, France; Univ Paris Cite, Inst Psychiat & Neurosci Paris, INSERM U1266, F-75014 Paris, France | K60: English | L60: Article | M60: France | N60: Introduction: Digital health programs are urgently needed to accelerate the adoption of Artificial Intelligence and Clinical Decision Support Systems (AI-CDSS) in clinical settings. However, such programs are still lacking for undergraduate medical students, and new approaches are required to prepare them for the arrival of new and unknown technologies. At University Paris Cite ' medical school, we designed an innovative program to develop the digital health critical thinking of undergraduate medical students that consisted of putting medical students in AI-CDSS designers' shoes. Methods: We followed the six steps of Kern's approach for curriculum development: identification of needs, definition of objectives, design of an educational strategy, implementation, development of an assessment and design of program evaluation. Results: A stand-alone and elective AI-CDSS program was implemented for fourth-year medical students. Each session was designed from an AI-CDSS designer viewpoint, with theoretical and practical teaching and brainstorming time on a project that consisted of designing an AI-CDSS in small groups. From 2021 to 2022, 15 students were enrolled: they rated the program 4.4/5, and 80% recommended it. Seventy-four percent considered that they had acquired new skills useful for clinical practice, and 66% felt more confident with technologies. The AI-CDSS program aroused great enthusiasm and strong engagement of students: 8 designed an AI-CDSS and wrote two scientific 5-page articles pre-sented at the Medical Informatics Europe conference; 4 students were involved in a CDSS research project; 2 students asked for a hospital internship in digital health; and 1 decided to pursue PhD training. Discussion: Putting students in AI-CDSS designers' shoes seemed to be a fruitful and innovative strategy to develop digital health skills and critical thinking toward AI technologies. We expect that such programs could help future doctors work in rapidly evolving digitalized environments and position themselves as key leaders in digital health.
A61: 60 | B61: Web of Science | C61: Alt, Dorit; Weinberger, Alfred; Heinrichs, Karin; Naamati-Schneider, Lior | D61: Achievement-goal theoryDeep and surface learningDigital concept mapping | E61: The role of goal orientations and learning approaches in explaining digital concept mapping utilization in problem-based learning | F61: 2023 | G61: Current Psychology | H61: 8 | I61: 10.1007/s12144-021-02613-7 | J61: 1 Kinneret Coll Sea Galilee, IL-15132 Jordan Valley, MP, Israel; Private Univ Educ, Private Padagog Hsch Diozese Linz, Salesianumweg 3, A-4020 Linz, Austria; Univ Teacher Educ Upper Austria, Kaplanhofstr 40, A-4020 Linz, Austria; Hadassah Acad Coll, 37 Haneviim St, IL-9101001 Jerusalem, Israel | K61: English | L61: Article | M61: Israel | N61: Concept mapping has received increasing attention and application in higher education as an effective instructional strategy. However, little is known about how higher-education students' different motivations for learning might be related to the way they use digital concept mapping for effective learning. This study sought to design and assess an intervention program that employs digital concept mapping in problem-based learning and to evaluate the effectiveness of using this tool among students with different achievement-goal profiles on learning and deep versus surface approaches to learning. Data were collected from 129 undergraduate students from three higher-education institutions located in Israel and Austria and analyzed by using Partial Least Squares - Structural Equation Modeling. The findings indicated that digital concept mapping could benefit higher-education students, specifically at the cognitive level, in order to specify and identify the interrelationships among arguments and to learn about the topic. Another finding showed that deep learners and mastery-approach learners perceived concept mapping as an effective tool mainly for self-regulating their learning during the intervention. It is suggested to find ways to scaffold surface learners' involvement in activities that enable them to solve complex problems by underlining the benefits of technology-enabled platforms for their learning and thus have them acknowledge concept mapping as a practice that fosters meaningful learning.
A62: 61 | B62: Web of Science | C62: Ghita, Maria; Juchem, Jasper; Ghita, Mihaela; Birs, Isabela; Cajo, Ricardo; Copot, Dana; Ionescu, Clara | D62: biomedical engineeringforced oscillation techniquerespiratory impedanceviscoelastic propertiesmathematical modelingelectrical circuitsfractional order impedance model | E62: Electrical circuits to mimic respiratory diseases: an interdisciplinary bachelor project | F62: 2019 | G62: 2019 IEEE 7th International Conference on Control, Mechatronics and Automation (ICCMA 2019) | H62: 0 | I62: 10.1109/iccma46720.2019.8988705 | J62: Univ Ghent, Dynam Syst & Control Res Grp, Tech Lane Sci Pk 125, B-9052 Ghent, Belgium; Flanders Make Consortium, EEDT Core Lab Decis & Control, Tech Lane Sci Pk 131, B-9052 Ghent, Belgium | K62: English | L62: Proceedings Paper | M62: Belgium | N62: This paper introduces a multidisciplinary project that is given in the last year of bachelor studies in civil engineering at Ghent University, Belgium. In this project, concepts learned during the first three years of study (bachelor program) are applied on a real system. Electrical circuits are build to mimic changes occurring at specific locations in the respiratory tree. The hypothesis tested using this cross-disciplinary project was that if a link exist to a real functionality provide a better understanding and leads to better outcomes in terms of learning process. In this project the students need to build an analogy between the lung airways properties and use equivalence to electrical circuits to evaluate and mimic changes from disease. During this project the students learned to work in a team and to allocate tasks among the team members. Another important competence that they have gained is time management. They have also developed skills for poster design and presentation, developed a critical thinking. All these have lead to a successful implementation of the project and they were able to critically asses changes to mimic diseases.
A63: 62 | B63: Web of Science | C63: Khosravi, Sara; Li, Haobo; Khan, Ahsan Raza; Zoha, Ahmad; Ghannam, Rami | D63: educationmachine learningmind-wanderingmultisensorysensor-fusionwearable devices | E63: Exploring the Elusive Mind: A Multimodal Wearable Sensor Solution for Measuring Mind Wandering in University Students | F63: 2024 | G63: Advanced Sensor Research | H63: 1 | I63: 10.1002/adsr.202300067 | J63: Univ Glasgow, James Watt Sch Engn, Glasgow City G12 8QQ, Scotland | K63: English | L63: Article | M63: Scotland | N63: Mind-wandering is a typical daily phenomenon during which attention shifts from external stimuli to internal trains of thought. It affect students' learning by impairing comprehension, diminishing academic achievement, impeding critical thinking, and encouraging a lack of attention and engagement in classroom activities. This study aims to introduce a new method of detecting and tracking mind wandering in university students. This approach involves using wearable sensors, including galvanic skin response (GSR), photoplethysmography (PPG), and eye-trackers, along with machine learning techniques. The study provides a proof of concept for this multisensory approach. The association between longer fixation duration and mind wandering, and the influence of an instructor's presence on fixation allocation, and, consequently, the frequency and occurrence of mind wandering is investigated. Furthermore, the feasibility of using eye-trackers in conjunction with GSR and PPG sensors for detecting mind wandering through a wearable multisensory data collection system is assessed. The wearable multisensory device is evaluated by ten participants (university students, males/females aged between 21-30). Two distinct machine learning methods, support vector machine (SVM) and gated recurrent unit (GRU), are used as classification models. With sensor fusion, the SVM and GRU models yielded maximum accuracies of 86.53% and 89.86%, respectively. Moreover, participants are observed to fixate on instructors more often, just before instances of mind wandering.This study aims to introduce a new method of detecting and tracking mind wandering in university students. This approach involves wearable sensors, including galvanic skin response (GSR), photoplethysmography (PPG), eye-trackers, and machine-learning techniques. The wearable multisensory device is evaluated by multiple participants, including university students, males and females aged between 21 and 30. With sensor fusion, the support vector machine (SVM) and gated recurrent unit (GRU) models yield maximum accuracies of 86.53% and 89.86%, respectively. image
A64: 63 | B64: Web of Science | C64: Grzych, Guillaume; Schraen-Maschke, Susanna | D64: active learninginteractive pedagogyaudience response systemstudent perceptiononline tools | E64: Interactive pedagogic tools: evaluation of three assessment systems in medical education | F64: 2019 | G64: Annales de Biologie Clinique | H64: 15 | I64: 10.1684/abc.2019.1464 | J64: Univ Lille, Fac Pharm, Lille, France; CHU Lille, Serv Hormonol Metab Nutr Oncol, Lille, France; Univ Lille, INSERM, Inst Pasteur Lille, U1011 EGID, Lille, France; Univ Lille, Fac Med, Lille, France; CHU Lille, Serv Biochim Automatisee Proteines, Lille, France; Univ Lille, INSERM, JParc, UMR S 1172, Lille, France; CHU Lille, Serv Biochim Automatisee Proteines, Lille, France; Univ Lille, INSERM, JParc, UMR S 1172, Lille, France | K64: English | L64: Article | M64: France | N64: Training in biology, pharmacy and medicine are essential in laboratory medicine in faculty and especially with recent residency modifications. Active learning improves critical thinking and is an essential component of health education. Interactive assessment systems for the interactive participation of students have emerged. Recently, many offers of audience response system (ARS) accessible by personal electronic devices such as smartphone, tablet or computer are available. These systems seem to be an effective teaching innovation according to students. We aimed to evaluate three pedagogical tools during real school lectures in order to be able to select them according to the needs: Votar, Socrative and Wooclap. Methods: Three connected participation tools will be tested during teaching at Lille University, faculty of pharmacy by 3 different teachers. 75 fifth-year pharmacy students divided into 2 groups of students will have attended at least one session using each of the systems studied. After lessons, an online questionnaire with 9 questions was submitted to students on their interest in each system. Questions measured student perception using a 1 to 10 scale. Results and discussion: 62 of 75 students completed online surveys and were included in the study. According students, ARS by smartphone or computer improve their education. Favorite application seems to be Socrative and Wooclap. This study provides student perception comparison of ARS. To complete, additional studies are needed to establish their efficacy after several month.
A65: 64 | B65: Web of Science | C65: Lin, Che-Wei; Chang, Elizabeth H.; Clinciu, Daniel L.; Peng, Yun-Ting; Huang, Wen-Chen; Wu, Chien-Chih; Wu, Jen-Chieh; Li, Yu-Chuan | D65: AssessmentInformaticsPharmacy OSCEStandardized patientVirtual patient | E65: Using modified information delivery to enhance the traditional pharmacy OSCE program at TMU - a pilot study | F65: 2018 | G65: Computer Methods and Programs in Biomedicine | H65: 9 | I65: 10.1016/j.cmpb.2017.11.006 | J65: Taipei Med Univ, Sch Med, Dept Educ & Human Med, Coll Med, Taipei, Taiwan; Taipei Med Univ, Grad Inst Med Informat, Taipei, Taiwan; Taipei Med Univ, Sch Pharm, Coll Pharm, Taipei, Taiwan; Taipei Med Univ, Wan Fang Hosp, Dept Pharm, Taipei, Taiwan; China Med Univ, Grad Inst Med Sci, Taichung, Taiwan; Natl Chin Yi Univ Technol, Dept Informat Management, Taichung, Taiwan; Wanfang Hosp, Dept Emergency Med, Taipei, Taiwan; Taipei Med Univ Hosp, Dept Urol, Taipei, Taiwan; Taipei Med Univ Hosp, Dept Emergency Med, Taipei, Taiwan; Wanfang Hosp, Dept Dermatol, Taipei, Taiwan; Taipei Med Univ, ICHIT, Taipei, Taiwan | K65: English | L65: Article | M65: Taiwan | N65: Background and Objective: Objective Structured Clinical Examination (OSCE) has been used in many areas of healthcare training over the years. However, it constantly needs to be upgraded and enhanced due to technological and teaching changes. We aim at implementing an integrative OSCE method which employs informatics via the virtual patient within the pharmacy education curriculum at Taipei Medical University to enhance the pharmacy students' competence for using and disseminating information and to also improve critical thinking and clinical reasoning.Methods: We propose an integrated pharmacy OSCE which uses standardized patients and virtual patients (DxR Clinician). To evaluate this method, we designed four simulated stations and pilot tested with 19 students in the first year of the Master in Clinical Pharmacy program. Three stations were simulated as the inpatient pharmacy: 1) History and lab data collection; 2) Prescription review; 3) Calling physician to discuss potential prescription problems. The fourth was simulated as the patient ward station to provide patient education. A satisfaction questionnaire was administered at the end of the study.Results: Students rated their ability of 2.84, 2.37, 2.37, and 3.63 of 5 for each of the four stations, with the second and third being the most difficult stations. The method obtained an average rating of 4.32 of 5 for relevance, 4.16 for improving clinical ability, 4.32 for practicality in future healthcare work, and 4.28 for willing to have another similar learning experience.Conclusion: The integration of Virtual Patient in this study reveals that this assessment method is efficient and practical in many aspects. Most importantly, it provides the test taker with a much closer real-life clinical encounter. Although it is in many ways more difficult, it also provides for better learning from mistakes opportunities for test-takers. (C) 2017 Published by Elsevier Ireland Ltd.
A66: 65 | B66: Web of Science | C66: Bearman, Margaret; Ajjawi, Rola | D66: artificial intelligence, generative AI, higher education, evaluative judgement, relational epistemology | E66: Learning to work with the black box: Pedagogy for a world with artificial intelligence | F66: 2023 | G66: British Journal of Educational Technology | H66: 44 | I66: 10.1111/bjet.13337 | J66: Deakin Univ, Ctr Res Assessment & Digital Learning CRADLE, Level 12,727 Collins St, Docklands, Vic 3008, Australia | K66: English | L66: Article | M66: Australia | N66: Artificial intelligence (AI) is increasingly integrating into our society. University education needs to maintain its relevance in an AI-mediated world, but the higher education sector is only beginning to engage deeply with the implications of AI within society. We define AI according to a relational epistemology, where, in the context of a particular interaction, a computational artefact provides a judgement about an optimal course of action and that this judgement cannot be traced. Therefore, by definition, AI must always act as a 'black box'. Rather than seeking to explain 'black boxes', we argue that a pedagogy for an AI-mediated world involves learning to work with opaque, partial and ambiguous situations, which reflect the entangled relationships between people and technologies. Such a pedagogy asks learners locate AI as socially bounded, where AI is always understood within the contexts of its use. We outline two particular approaches to achieve this: (a) orienting students to quality standards that surround AIs, what might be called the tacit and explicit 'rules of the game'; and (b) providing meaningful interactions with AI systems.
A67: 66 | B67: Web of Science | C67: 박선주 | D67: Scratch, Dr. Scratch, Computational Thingking, SW education, EPL | E67: Analysis of Computational Thinking Level Through the Scratch Project Analyzation | F67: 2018 | G67: Journal of the Korean Association of Information Education | H67: 0 | I67: 10.14352/jkaie.2018.22.6.661 | K67: Korean | L67: research-article | N67: As SW education has become essential since 2018 due to the revised curriculum in 2015, researches on SW education are actively being carried out. In order to understand the level of pre-service teachers' computational thinking level, we analyzed a correlation of CT element scores with each year and each grade based on the calculated Scratch project by years using the analysis tool Dr. Scratch, which was targeted for 325 students in K National University of Education who passed the scratch course from 2016 to 2018. The result indicated that there is a positive correlation between all the CT related factors and both the year and the grade. Conclusionally, it is crucial to have students undergo revising process by using an automated evaluation tool such as Dr. Scratch and cultivate ability to create and utilize required materials. Furthermore, it is necessary to educate students to utilize logical thinking elements such as complex conditions and logic operations.
A68: 67 | B68: Web of Science | C68: Park, Kyung-Eun; Lee, Sang-Gu; Ham, YoonMee; Lee, Jae Hwa | D68: Calculus, Coding Education, Problem/Project-Based Learning, Computational Thinking, Python | E68: Teaching and Learning of University Calculus with Python-based Coding Education | F68: 2019 | G68: Communications of Mathematical Education | H68: 1 | I68: 10.7468/jksmee.2019.33.3.163 | K68: Korean | L68: research-article | N68: This study introduces a development of calculus contents which makes to understand the main concepts of calculus in a short period of time and to enhance problem solving and computational thinking for complex problems encountered in the real world for college freshmen with diverse backgrounds. As a concrete measure, we developed ‘Teaching and Learning’ contents and Python-based code for Calculus I and II which was used in actual classroom.In other words, the entire process of teaching and learning, action plan, and evaluation method for calculus class with Python based coding are reported and shared. In anytime and anywhere, our students were able to freely practice and effectively exercise calculus problems. By using the given code, students could gain meaningful understanding of calculus contents and were able to expand their computational thinking skills. In addition, we share a way that it motivated student activities, and evaluated students fairly based on data which they generated, but still instructor’s work load is less than before. Therefore, it can be a teaching and learning model for college mathematics which shows a possibility to cover calculus concepts and computational thinking at once in a innovative way for the 21st century.
A69: 68 | B69: Web of Science | C69: Khoronko, Lyubov; Bondarenko, Yekaterina | D69: molecular phylogenetics, molecular evolution, cystic fibrosis transmembrane conductance regulator (CFTR), orthologs vertebrate animals | E69: Transitivity processes in the field of higher medical education in the risk environment | F69: 2020 | G69: Innovative Technologies in Science and Education (ITSE-2020) | H69: 0 | I69: 10.1051/e3sconf/202021022020 | J69: Volgograd State Med Univ, Volgograd 400131, Russia; Don State Tech Univ, Rostov Na Donu 344003, Russia | K69: English | L69: Proceedings Paper | M69: Russia | N69: The article deals with transitivity processes in the field of higher medical education. Several trends related to transitivity processes are highlighted: the high demand for medical education with a shortage of qualified specialists; the continuing medical education and the introduction of an accreditation exam; the introduction of distance technologies, simulation and e-learning; specialist mobility. Thus, the educational process in the context of transitivity processes in the field of medical education should be focused on the formation of self-improvement skills, self-education. The article describes the functions of the students' independent work in a medical university and the conditions that increase the effectiveness of the educational process. The article defines the role of the organization of student's independent work in the development of selfeducation and self-improvement skills. The student's independent work is considered as one of the forms that allow students to develop self-education and self-improvement skills, taking into account their abilities. The independent work as a form of self-improvement is aimed at developing the skills of independent search and choice of problem solutions; developing the skills of information analysis when working with a large volume of educational material; provides the development of critical thinking skills; stimulating the skills of evaluative and reflexive activity in the context of dynamic changes in the professional sphere.
A70: 69 | B70: Web of Science | C70: Zhang, Xiaorong | E70: Teaching molecular phylogenetics through investigating a real-world phylogenetic problem | F70: 2012 | G70: Journal of Biological Education | H70: 5 | I70: 10.1080/00219266.2011.634018 | J70: Savannah State Univ, Dept Nat Sci, Savannah, GA 31404 USA | K70: English | L70: Article | M70: United States | N70: A phylogenetics exercise is incorporated into the 'Introduction to biocomputing' course, a junior-level course at Savannah State University. This exercise is designed to help students learn important concepts and practical skills in molecular phylogenetics through solving a real-world problem. In this application, students are required to identify orthologous protein sequences of the human (Homo sapiens) cystic fibrosis transmembrane conductance regulator (CFTR) from other species and to reconstruct a phylogenetic tree of these species by comparing their CFTR amino acid sequences. Students are also asked to evaluate their trees critically by comparing them with published phylogenies in the literature. This exercise helps students understand the principles underlying molecular phylogenetics and gain practical skills in searching genetic databases and conducting phylogenetic analysis using computer programs. In addition, this inquiry-based exercise encourages students to develop their critical-thinking skills through evaluating conflicting phylogenies reconstructed from different data or approaches. Although this exercise is designed to teach molecular phylogenetics in the biocomputing course, it can be easily adapted and used to enhance instruction in other biology courses. The activities are well suited for college students at all academic levels.
A71: 70 | B71: Web of Science | C71: Bates, R. M.; Bicksler, A. J. | D71: experiential learning, capstone courses, student research projects | E71: Moringa oleifera as a model system for undergraduate problem-based learning | F71: 2017 | G71: I International Symposium on Moringa | H71: 0 | I71: 10.17660/ActaHortic.2017.1158.47 | J71: Penn State Univ, University Pk, PA 16802 USA; ECHO Asia Impact Ctr, Chiang Mai, Thailand | K71: English | L71: Proceedings Paper | M71: United States | N71: The many medicinal, nutritional, industrial, and agricultural uses of Moringa oleifera are well-documented. These unique traits found in moringaalso make the species a valuable model system by which undergraduate students from non-agricultural majors may engage in plant-based research. This paper highlights a collaborative, problem-based learning approach that has been used to a great effect at Penn State University. Problem-based learning promotes a culture of curiosity, where discovery is valued and failure is embraced and used as a learning opportunity. Since 2010, undergraduate moringa-related research projects and activities have included: 1) moringa leaf drying under humid conditions; 2) design of a moringa harvester for application in Senegal; and 3) moringa cationic protein, functionalized sand for water treatment with recognition at the EPA P3 Sustainability Award. Evaluations and anecdotal evidence suggest that collaborative undergraduate research teams engaged around real-world moringa problems experience enhanced critical thinking and problem-solving skills. Additionally, the research conducted by the student teams has contributed significantly to the body of knowledge related to moringa culture and use.
A72: 71 | B72: Web of Science | C72: Huang, C | D72: educational media, interactive teaching for biology and medicine, instructional web design, physiology modules, multimedia module design | E72: Designing high-quality interactive multimedia learning modules | F72: 2005 | G72: Computerized Medical Imaging and Graphics | H72: 68 | I72: 10.1016/j.compmedimag.2004.09.017 | J72: Stanford Univ, Sch Med, SUMMIT, Stanford, CA 94305 USA | K72: English | L72: Article | M72: United States | N72: Modem research has broadened scientific knowledge and revealed the interdisciplinary nature of the sciences. For today's students, this advance translates to teaming a more diverse range of concepts, usually in less time, and without supporting resources. Students can benefit from technology-enhanced learning supplements that unify concepts and are delivered on-demand over the Internet. Such supplements, like imaging informatics databases, serve as innovative references for biomedical information, but could improve their interaction interfaces to support teaming. With information from these digital datasets, multimedia teaming tools can be designed to transform teaming into an active process where students can visualize relationships over time, interact with dynamic content, and immediately test their knowledge. This approach bridges knowledge gaps, fosters conceptual understanding, and builds problem-solving and critical thinking skills-all essential components to informatics training for science and medicine. Additional benefits include cost-free access and ease of dissemination over the Intemet or CD-ROM. However, current methods for the design of multimedia learning modules are not standardized and lack strong instructional design.Pressure from administrators at the top and students from the bottom are pushing faculty to use modern technology to address the teaming needs and expectations of contemporary students. Yet, faculty lack adequate support and training to adopt this new approach. So how can faculty learn to create educational multimedia materials for their students? This paper provides guidelines on best practices in educational multimedia design, derived from the Virtual Labs Project at Stanford University. The development of a multimedia module consists of five phases: (1) understand the teaming problem and the users needs; (2) design the content to harness the enabling technologies; (3) build multimedia materials with web style standards and human factors principles; (4) user testing; (5) Evaluate and improve design. (c) 2004 Elsevier Ltd. All rights reserved.
